 Dungeon Crawl Stone Soup version 0.31.0-11-ge490571c62 (webtiles) character file.

Game seed: 14896183119604744091

10193137 hikkokomori the Conqueror (level 27, 199/199 HPs)
             Began as a Gargoyle Alchemist on Jan 30, 2024.
             Was an Initiate of Gozag.
             Escaped with the Orb
             ... and 15 runes!
             The game lasted 07:57:28 (165780 turns).

hikkokomori the Conqueror (Gargoyle Alchemist)    Turns: 165780, Time: 07:57:28

Health: 199/199    AC: 42    Str: 13    XL:     27
Magic:  62/62      EV: 22    Int: 59    God:    Gozag
Gold:   15529      SH: 24    Dex:  9    Spells: 1/80 levels left

rFire   + . .        W - staff "Tileit" {^Fragile rElec rCorr Fire Ice Air}
rCold   . . .        P - +5 Storm Queen's Shield {shock, Fly rElec}
rNeg    + . .        i - +5 moon troll leather armour {Spirit, Regen++ MP+5}
rPois   ∞            u - +2 helmet {SInv}
rElec   +            a - scarf {rC+ rF+}
rCorr   +            K - +1 pair of gloves "Neittuw" {Int+3}
SInv    +            T - +2 pair of slick slippers {slick, slippery, EV+4}
Will    ++++.        q - amulet "Latos" {Reflect ^Drain Int+10 SH+5}
Stlth   ++           z - ring of Ekhyboet {Fire Will+ Int+6}
HPRegen 2.13/turn    e - ring of Day {rF- Will+ MP+9 Int+8}
MPRegen 0.38/turn

%: reflection, clarity, guardian spirit
@: flying, studying 8 skills
A: sickness immunity, AC +20, big wings, negative energy resistance 1,
electricity resistance, torment resistance 1, petrification resistance,
iridescent scales 1, clarity, clever 1, low MP 1
0: Orb of Zot
}: 15/15 runes: serpentine, barnacled, slimy, silver, golden, iron, obsidian,
icy, bone, abyssal, demonic, glowing, magical, fiery, dark
a: Renounce Religion, Potion Petition, Call Merchant, Bribe Branch


You escaped.
You worshipped Gozag.
Gozag was extremely pleased with you.
You visited 18 branches of the dungeon, and saw 88 of its levels.
You visited Pandemonium 2 times, and saw 13 of its levels.
You visited the Abyss 3 times.
You visited 1 bazaar.
You completed 1 ziggurat, and saw 27 of its levels.
You also visited: Trove, Bailey, Gauntlet, Ice Cave and Desolation.

You collected 72405 gold pieces.
You spent 15212 gold pieces at shops.
You paid 41664 gold pieces to Gozag.

Inventory:

Hand Weapons
 J - the +8 trishula "Condemnation" {holy, anguish, *Noise Fly rN+}
   (You found it on level 19 of a ziggurat)

   rN+:       It protects you from negative energy.
   Fly:       It grants you flight.
   *Noise:    It may make a loud noise when swung.
 Q - the +8 pair of quick blades "Gyre" and "Gimble" {protect}
   (You found it on level 23 of a ziggurat)
Armour
 a - a scarf of resistance (worn)
 i - the +5 moon troll leather armour (worn) {Spirit, Regen++ MP+5}
   (You took it off a merfolk siren on level 4 of the Shoals)

   MP+5:      It affects your magic capacity (+5).
   Regen++:   It increases your rate of health regeneration.
 t - the +8 pearl dragon scales "Woidghoz" {rPois rN+}
   (You found it on level 7 of the Iron City of Dis)

   rPois:     It protects you from poison rN+: It protects you from negative
   energy.
 u - a +2 helmet of see invisible (worn)
 v - the +4 helmet of the Black Moon {^Contam rElec rN+ Str+2}
   (You bought it in a shop on level 4 of the Depths)

   Str+2:     It affects your strength (+2).
   rElec:     It insulates you from electricity.
   rN+:       It protects you from negative energy.
   ^Contam:   It causes magical contamination when unequipped.
 K - the +1 pair of gloves "Neittuw" (worn) {Int+3}
   (You acquired it on level 11 of a ziggurat)

   Int+3:     It affects your intelligence (+3).
 O - the +9 scales of the Dragon King {rPois rF+ rC+ Will+}
   (You found it on level 3 of the Tomb of the Ancients)

   rF+:       It protects you from fire.
   rC+:       It protects you from cold.
   rPois:     It protects you from poison Will+: It increases your willpower.
 P - the +5 Storm Queen's Shield (worn) {shock, Fly rElec}
   (You bought it in a shop on level 1 of the Depths)

   Shock:     When it blocks an attack, it may electrocute the attacker.
   This works even against foes who are a short distance away.
   rElec:     It insulates you from electricity.
   Fly:       It grants you flight.
 T - the +2 pair of slick slippers (worn) {slick, slippery, EV+4}
   (You bought it in a shop on level 1 of the Dungeon)

   Slick:     Its wearer cannot be constricted, engulfed, netted or webbed.
   Slippery:  Its wearer slips away from damaging melee attacks, pulling the
   attacker onward.
   EV+4:      It affects your evasion (+4).
Magical Staves
 W - the staff "Tileit" (weapon) {^Fragile rElec rCorr Fire Ice Air}
   (You acquired it on level 2 of the Lair of Beasts)

   [staff of air]

   Base accuracy: +5 Base damage: 5 Base attack delay: 1.2 This weapon's minimum
   attack delay (0.6) is reached at skill level 12.
   rElec:     It insulates you from electricity.
   rCorr:     It protects you from acid and corrosion.
   ^Fragile:  It will be destroyed if unequipped.
   Fire:      It increases the power of your Fire spells.
   Ice:       It increases the power of your Ice spells.
   Air:       It increases the power of your Air spells.
   It falls into the 'Staves' category.
   It is a one-handed weapon.
Jewellery
 e - the ring of Day (right hand) {rF- Will+ MP+9 Int+8}
   (You took it off an ironbound convoker in the Desolation of Salt)

   [ring of magical power]

   Int+8:     It affects your intelligence (+8).
   rF-:       It makes you vulnerable to fire.
   Will+:     It increases your willpower.
   MP+9:      It affects your magic capacity (+9).
 f - the dreamshard necklace {Acrobat *Dream}
   (You found it on level 7 of the Iron City of Dis)

   [amulet of the acrobat]

   *Dream:    It absorbs a single lethal wound into itself, holding its wearer
   just short of death and releasing dream-creatures to guard them.
   Acrobat:   It increases your evasion while moving and waiting.
 q - the amulet "Latos" (around neck) {Reflect ^Drain Int+10 SH+5}
   (You found it in a treasure trove)

   [amulet of reflection]

   Reflect:   It reflects blocked missile attacks.
   Int+10:    It affects your intelligence (+10).
   ^Drain:    It drains your maximum health when unequipped.
   SH+5:      It affects your SH (+5).
 z - the ring of Ekhyboet (left hand) {Fire Will+ Int+6}
   (You took it off a deep elf elementalist on level 3 of the Elven Halls)

   [ring of fire]

   Fire:      It enhances your fire magic.
   Int+6:     It affects your intelligence (+6).
   rF+:       It protects you from fire.
   rC-:       It makes you vulnerable to cold.
   Will+:     It increases your willpower.
 E - the amulet "Quaqixoh" {RegenMP SInv}
   (You found it on level 3 of the Tomb of the Ancients)

   [amulet of magic regeneration]

   RegenMP:   It increases your rate of magic regeneration.
   SInv:      It lets you see invisible.
 N - the ring of Ymicweh {rF+ rC++ rN+ rCorr Int-4}
   (You found it on level 27 of a ziggurat)

   [ring of positive energy]

   Int-4:     It affects your intelligence (-4).
   rF+:       It protects you from fire.
   rC++:      It greatly protects you from cold.
   rN+:       It protects you from negative energy.
   rCorr:     It protects you from acid and corrosion.
Wands
 w - a wand of iceblast (77)
 C - a wand of mindburst (90)
 Y - a wand of light (31)
 Z - a wand of digging (56)
Scrolls
 c - 8 scrolls of blinking
 k - 17 scrolls of enchant armour
 l - 12 scrolls of revelation
 m - 7 scrolls of fear
 o - 45 scrolls of teleportation
 s - a scroll of summoning
 y - 15 scrolls of amnesia
 A - 13 scrolls of enchant weapon
 M - 30 scrolls of fog
 U - 5 scrolls of brand weapon
Potions
 b - 2 potions of magic
 g - 6 potions of enlightenment
 h - 13 potions of haste
 j - 8 potions of lignification
 n - 29 potions of mutation
 p - 8 potions of invisibility
 r - 22 potions of curing
 x - 13 potions of might
 D - 5 potions of brilliance
 G - 15 potions of heal wounds
 L - 3 potions of cancellation
 S - 2 potions of ambrosia
 V - 4 potions of berserk rage
 X - 4 potions of resistance
Miscellaneous
 d - a condenser vane
 B - a phial of floods
 F - a phantom mirror
 H - a box of beasts
 I - 2 +1 figurines of a ziggurat
 R - a lightning rod (4/4)


   Skills:
 O Level 27 Fighting
 - Level 7.0 Long Blades
 - Level 12.0 Staves
 + Level 18.6 Armour
 + Level 21.6 Dodging
 - Level 13.0 Stealth
 + Level 20.3 Shields
 O Level 27 Spellcasting
 + Level 25.3 Conjurations
 + Level 26.1 Fire Magic
 - Level 6.0 Ice Magic
 - Level 25.0 Air Magic
 - Level 25.5 Earth Magic
 - Level 7.2 Alchemy
 + Level 21.6 Evocations


You had one spell level left.
You knew the following spells:

 Your Spells              Type           Power      Damage    Failure   Level
a - Fulminant Prism       Conj/Alch      67%        3d28      0%          4
b - Shatter               Erth           77%        3d56*     1%          9
c - Swiftness             Air            100%       N/A       0%          3
d - Spellforged Servitor  Conj/Summ      62%        N/A       1%          7
e - Fire Storm            Conj/Fire      100%       8d25      1%          9
f - Passwall              Erth           100%       N/A       0%          3
g - Plasma Beam           Fire/Air       100%       2x1d120   0%          6
i - Irradiate             Conj/Alch      67%        3d34      0%          5
j - Freezing Cloud        Conj/Ice/Air   96%        6-21      0%          5
k - Ignition              Fire           100%       3d25      1%          8
l - Blink                 Tloc           100%       N/A       1%          2
m - Apportation           Tloc           100%       N/A       1%          1
n - Maxwell's Capacitive  Air            90%        ∞         1%          8
o - Chain Lightning       Conj/Air       90%        3d120     1%          9

Your spell library contained the following spells:

 Spells                   Type           Power      Damage    Failure   Level
 Foxfire                  Conj/Fire      100%       2x1d9     0%          1
 Freeze                   Ice            100%       1d10      0%          1
 Kiss of Death            Conj/Necr      100%       2d13      0%          1
 Magic Dart               Conj           100%       1d8       0%          1
 Shock                    Conj/Air       100%       1d9       0%          1
 Sting                    Conj/Alch      100%       1d9       0%          1
 Necrotise                Necr           100%       1d9       1%          1
 Slow                     Hex            100%       N/A       1%          1
 Summon Small Mammal      Summ           100%       N/A       1%          1
 Mercury Vapours          Alch/Air       100%       N/A       0%          2
 Momentum Strike          Conj/Tloc      100%       3d10      0%          2
 Scorch                   Fire           100%       2d9       0%          2
 Searing Ray              Conj           100%       2d8       0%          2
 Static Discharge         Conj/Air       100%       3-8/arc   0%          2
 Dazzling Flash           Conj/Hex       100%       N/A       0%          3
 Hailstorm                Conj/Ice       100%       3d16      0%          3
 Inner Flame              Hex/Fire       100%       N/A       0%          3
 Mephitic Cloud           Conj/Alch/Air  100%       N/A       0%          3
 Stone Arrow              Conj/Erth      100%       3d13      0%          3
 Volatile Blastmotes      Fire/Tloc      100%       2d18      0%          3
 Airstrike                Air            90%        2d(13-29) 0%          4
 Animate Armour           Summ/Erth      100%       N/A       0%          4
 Brom's Barrelling Bould  Conj/Erth      100%       2d11      0%          4
 Flame Wave               Conj/Fire      100%       2d21      0%          4
 Ignite Poison            Fire/Alch      100%       N/A       0%          4
 Iskenderun's Mystic Bla  Conj/Tloc      100%       2d19      0%          4
 Leda's Liquefaction      Alch/Erth      67%        N/A       0%          4
 Petrify                  Alch/Erth      100%       N/A       0%          4
 Sticky Flame             Fire/Alch      100%       2d15      0%          4
 Summon Blazeheart Golem  Fire/Summ      100%       N/A       0%          4
 Summon Lightning Spire   Summ/Air       100%       N/A       0%          4
 Vhi's Electric Charge    Tloc/Air       100%       N/A       0%          4
 Arcjolt                  Conj/Air       90%        1d100     0%          5
 Fireball                 Conj/Fire      100%       3d36      0%          5
 Iskenderun's Battlesphe  Conj           100%       2d15      0%          5
 Lee's Rapid Deconstruct  Erth           77%        3d35*     0%          5
 Bombard                  Conj/Erth      77%        9d12      0%          6
 Conjure Ball Lightning   Conj/Air       90%        3x3d35    0%          6
 Starburst                Conj/Fire      100%       6d25      0%          6
 Orb of Destruction       Conj           77%        9d17      0%          7
 Call Imp                 Summ           100%       N/A       1%          2
 Ensorcelled Hibernation  Hex/Ice        100%       N/A       1%          2
 Jinxbite                 Hex            100%       N/A       1%          2
 Lesser Beckoning         Tloc           100%       N/A       1%          2
 Call Canine Familiar     Summ           68%        N/A       1%          3
 Confusing Touch          Hex            68%        N/A       1%          3
 Frozen Ramparts          Ice            100%       1d16      1%          3
 Fugue of the Fallen      Necr           68%        N/A       1%          3
 Gell's Gravitas          Tloc           68%        N/A       1%          3
 Ozocubu's Armour         Ice            100%       N/A       1%          3
 Sigil of Binding         Hex            68%        N/A       1%          3
 Summon Ice Beast         Ice/Summ       100%       N/A       1%          3
 Teleport Other           Tloc           68%        N/A       1%          3
 Tukima's Dance           Hex            68%        N/A       1%          3
 Vampiric Draining        Necr           68%        2d10      1%          3
 Anguish                  Hex/Necr       34%        N/A       1%          4
 Cause Fear               Hex            34%        N/A       1%          4
 Dimensional Bullseye     Hex/Tloc       34%        N/A       1%          4
 Dispel Undead            Necr           68%        3d23      1%          4
 Manifold Assault         Tloc           68%        N/A       1%          4
 Martyr's Knell           Necr/Summ      68%        N/A       1%          4
 Olgreb's Toxic Radiance  Alch           100%       N/A       1%          4
 Passage of Golubria      Tloc           68%        N/A       1%          4
 Alistair's Intoxication  Alch           70%        N/A       1%          5
 Borgnjor's Vile Clutch   Necr/Erth      62%        N/A       1%          5
 Metabolic Englaciation   Hex/Ice        53%        N/A       1%          5
 Silence                  Hex/Air        74%        N/A       1%          5
 Yara's Violent Unravell  Hex/Alch       44%        3d17      1%          5
 Eringya's Noxious Bog    Alch           52%        4d6       1%          6
 Sculpt Simulacrum        Ice/Alch       63%        N/A       1%          6
 Lehudib's Crystal Spear  Conj/Erth      77%        10d17     1%          8
 Curse of Agony           Necr           68%        N/A       3%          5
 Summon Forest            Summ/Tloc      34%        N/A       3%          5
 Summon Mana Viper        Hex/Summ       68%        N/A       3%          5
 Ozocubu's Refrigeration  Ice            61%        4d21      10%         7
 Death Channel            Necr           34%        N/A       21%         6
 Dispersal                Tloc           34%        N/A       21%         6
 Summon Cactus Giant      Summ           34%        N/A       21%         6
 Enfeeble                 Hex            34%        N/A       75%         7
 Haunt                    Necr/Summ      34%        N/A       75%         7
 Malign Gateway           Summ/Tloc      34%        N/A       75%         7
 Monstrous Menagerie      Summ           34%        N/A       75%         7
 Summon Hydra             Summ           34%        N/A       75%         7
 Borgnjor's Revivificati  Necr           34%        N/A       100%        8
 Discord                  Hex            34%        N/A       100%        8
 Disjunction              Tloc           34%        N/A       100%        8
 Infestation              Necr           34%        N/A       100%        8
 Summon Horrible Things   Summ           34%        N/A       100%        8
 Death's Door             Necr           34%        N/A       100%        9
 Dragon's Call            Summ           34%        N/A       100%        9
 Polar Vortex             Ice            61%        12d8*     100%        9
 Sublimation of Blood     Necr           Unusable   N/A       N/A         2
 Animate Dead             Necr           Unusable   N/A       N/A         4

Dungeon Overview and Level Annotations

Branches:
Dungeon (15/15)            Temple (1/1) D:6            Lair (5/5) D:9
 Shoals (4/4) Lair:3        Snake (4/4) Lair:2        Slime (5/5) Lair:5
    Orc (2/2) D:11            Elf (3/3) Orc:2        Vaults (5/5) D:14
  Crypt (3/3) Vaults:2       Tomb (3/3) Crypt:3      Depths (4/4) D:15
   Hell (visited)             Dis (7/7) Hell            Geh (7/7) Hell
    Coc (7/7) Hell            Tar (7/7) Hell            Zot (5/5) Depths:4
 Bailey (visited)           IceCv (visited)         Desolation (visited)
Gauntlet (visited)

Altars:
Ashenzari
Cheibriados
Dithmenos
Elyvilon
Fedhas
Gozag
Hepliaklqana
Kikubaaqudgha
Makhleb
Nemelex Xobeh
Okawaru
Qazlal
Ru
Sif Muna
Trog
Uskayaw
Vehumet
Wu Jian
Xom
Yredelemnul
Zin
The Shining One
Jiyva

Shops:
D:1 *   D:2 ?   D:9 ?   D:15 =:   Orc:1 =(   Orc:2 !([=   Elf:1 *   Elf:3 (:*[*
Lair:2 [   Shoals:4 ?   Snake:3 [:(   Vaults:2 ?   Vaults:3 [   Vaults:4 [!
Zot:5 *   Depths:1 [[**   Depths:3 (   Depths:4 [[::**=

Portals:
Hell: Depths:1 Depths:2 Depths:3 Depths:4
Abyss: D:4 Depths:2 Depths:3
Pandemonium: Depths:2 Depths:4

Annotations:
Shoals:2 1 exclusion


Innate Abilities, Weirdness & Mutations

You are immune to sickness and miasma.
Your stone body is resilient. (AC +20)
You are immune to poison.
Your large and strong wings let you fly.
You resist negative energy. (rN+)
You are resistant to electric shocks. (rElec)
You are resistant to unholy torment.
You are immune to petrification.
You are partially covered in iridescent scales. (AC +2)
You possess an exceptional clarity of mind.
Your mind is acute. (Int +4, Str/Dex -1)
Your magical capacity is low. (-10% MP)


Message History

Confirm with . or Enter, or press ? or * to list all spells.
Casting: Plasma Beam (safe; 0% risk of failure)
Press: ? - help, Dir - look around, f - activate Look: a seraph, wielding a +3 great sword of flaming and wearing +0 pearl dragon scales (flame, heavily wounded, catching its breath, ally target, haloed, 2x49% to hit)
Okay, then.
Casting: Plasma Beam (safe; 0% risk of failure)
Confirm with . or Enter, or press ? or * to list all spells.
You erupt in a fountain of uncontrolled magic!
The seraph is blasted with magical radiation!!!
The seraph is severely wounded.
You are very lightly contaminated with residual magic.
The seraph gestures.
Unknown command.
Unknown command.
Casting: Irradiate (safe; 0% risk of failure)
Confirm with . or Enter, or press ? or * to list all spells.
You feel a surge of power! Lightning arcs from your hands!
The bolt of lightning hits the seraph!!!!
The seraph resists.
You kill the seraph!
The angel dissolves into sparkling lights!
The daeva dissolves into sparkling lights! x2
The bolt of lightning hits you! You resist.
Unknown command.
Unknown command.
Unknown command.
Unknown command.
You now have 15529 gold pieces (gained 5).
Things that are here:
a +3 great sword of flaming; +0 pearl dragon scales
Casting: Chain Lightning (mildly dangerous; 1% risk of failure)
Confirm with . or Enter, or press ? or * to list all spells.
The dungeon rumbles!
Ka-crash!
Unknown command.
There is a staircase leading out of the dungeon here.
You start resting.
Your magical contamination has completely faded away.
You start resting.
Magic restored.
You have escaped!

.....#....#.#....#######..#......
##.#.......##.$............#.....
#.........$....#########........
##............)..#..# ##.......
...............#..##### ##......
##......#.......##♣≈≈≈#####......
#.............#...♣≈≈≈#.........
#.............###..♣♣♣#.###.....
########......#@......'.# ######
####.##.##..♣♣♣### ## ###>.♣~≈≈#
##♣≈≈≈## #####


There were no monsters in sight!

Vanquished Creatures
  Cerebov (Pan)
  Antaeus (Coc:7)
  Asmodeus (Geh:7)
  Mnoleg (Pan)
  Ereshkigal (Tar:7)
  the Royal Jelly (Slime:5)
  Gloorx Vloq (Pan)
  Lom Lobon (Pan)
  the Serpent of Hell (Dis:7)
  A seraph (D:1)
  18 dread liches
  Dispater (Dis:7)
  8 orbs of fire
  18 ancient liches
  Mennas (Pan)
  4 juggernauts
  30 royal mummies
  Parghit (Zot:1)
  18 pandemonium lords
  24 shard shrikes
  The ghost of Houmnergh the Tycoon, a master GnSh of Gozag (Crypt:2)
  Bai Suzhen (Crypt:2)
  16 Killer Klowns
  Vashnia (Snake:4)
  49 caustic shrikes
  Geryon (Hell)
  4 curse toes
  11 golden dragons
  10 pearl dragons (Zig:26)
  18 profane servitors
  25 Tzitzimimeh
  13 Brimstone Fiends
  20 bone dragons
  28 tentacled monstrosities
  A shard shrike zombie (Crypt:3)
  18 doom hounds
  4 electric golems
  3 spectral shard shrikes (Tar:5)
  6 hellephants
  Jorgrun (D:14)
  12 iron giants
  17 liches
  A walking crystal tome (Depths:3)
  28 tainted leviathans
  14 Hell Sentinels
  The ghost of Aral the Warrior, an adept MiBe of Trog (Shoals:2)
  24 Ice Fiends
  A walking divine tome (Depths:2)
  25 Orb Guardians
  Asterion (Snake:1)
  5 deep elf blademasters
  34 acid blobs
  27 titans
  27 searing wretches
  3 deep elf master archers (Elf:3)
  15 quicksilver dragons
  21 ancient champions
  16 sphinxes
  A kraken (Shoals:1)
  2 tentacled starspawn (Abyss:4)
  13 death cobs
  Frances (D:13)
  31 Executioners
  11 shadow dragons
  8 tengu reavers
  Agnes (Snake:4)
  17 storm dragons
  17 protean progenitors
  Roxanne (Snake:4)
  11 daevas
  Aizul (Snake:1)
  12 revenants
  10 draconian knights
  15 demonspawn warmongers (Pan)
  11 narguns
  17 rockslimes
  8 nagarajas
  19 azure jellies
  19 fire giants
  2 fenstrider witches (shapeshifter) (Zig:9)
  2 draconian shifters (Zot:4)
  6 deep elf sorcerers
  2 fenstrider witches (Pan)
  10 emperor scorpions
  14 quicksilver elementals
  54 balrugs
  17 iron dragons
  20 ghost moths
  6 deep elf elementalists
  22 frost giants
  5 draconian scorchers
  20 vault wardens
  12 draconian monks
  40 reapers
  8 draconian stormcallers
  20 cacodemons (Pan)
  11 angels
  2 spectral juggernauts (Tar:5)
  2 caustic shrike zombies
  16 curse skulls
  18 ghouls
  22 ironbound preservers
  21 very ugly things
  7 shard shrike simulacra
  2 spriggan defenders (Depths:2)
  3 orc warlords
  8 draconian annihilators
  20 stone giants
  2 broodmothers (Zig:24)
  9 formless jellyfish
  A spectral caustic shrike (Tar:2)
  9 demonspawn corrupters (Pan)
  3 caustic shrike skeletons (Zig:19)
  An emperor scorpion (shapeshifter) (Depths:4)
  10 demonspawn blood saints (Pan)
  6 ironbound thunderhulks
  9 ophanim (Zig:26)
  36 putrid mouths
  6 juggernaut skeletons
  20 quicksilver oozes
  10 black draconians
  17 vampire knights
  11 apis (Zig:26)
  20 elemental wellsprings
  A minotaur (Gauntlet)
  18 wendigos
  Nessos (Lair:3)
  A spectral titan (Tar:5)
  6 bennus
  3 deep elf demonologists
  18 purple draconians
  2 dire elephants (Zig:8)
  13 deep elf death magi
  6 demonspawn black suns (Pan)
  15 green draconians
  5 halazid warlocks (Desolation)
  Azrael (Snake:1)
  10 white draconians
  13 deep elf annihilators
  8 lorocyprocas
  4 iron golems
  12 yellow draconians
  A bunyip (Zig:23)
  12 red draconians
  7 spark wasps
  17 merfolk javelineers
  24 war gargoyles
  20 yaktaur captains
  28 eidola
  13 green deaths
  19 blizzard demons (Pan)
  A quicksilver dragon zombie (Zig:19)
  8 jiangshi
  A spectral kraken (Tar:7)
  24 ettins
  2 crystal guardians
  26 mummy priests
  Josephine (D:13)
  6 deep elf high priests
  An elf zombie (Crypt:2)
  11 entropy weavers
  5 ragged hierophants (Desolation)
  A spectral iron giant (Tar:5)
  17 fire dragons
  20 merfolk impalers
  5 servants of whispers (Desolation)
  43 vault guards
  6 hell beasts
  5 rakshasas
  16 great orbs of eyes
  A spectral fenstrider witch (Tar:2)
  23 salamander tyrants
  3 jorogumos (Pan)
  A spriggan zombie (Crypt:3)
  8 hydras
  6 spriggan air magi
  An alligator snapping turtle (shapeshifter) (Zig:23)
  Erolcha (D:13)
  6 spectral spriggans
  8 stokers
  6 caustic shrike simulacra
  13 death knights
  11 ice dragons
  5 juggernaut simulacra
  8 ogre magi
  8 anacondas
  2 alligators (Pan)
  3 catoblepae
  10 merfolk avatars
  An anaconda (shapeshifter) (Zig:6)
  10 ironbound frosthearts
  2 spriggan skeletons (Tomb:1)
  10 boulder beetles
  3 peacekeepers
  A fenstrider witch skeleton (Crypt:1)
  8 death yaks
  A satyr (Shoals:3)
  13 centaur warriors
  3 alligator snapping turtles
  29 dancing weapons
  25 merfolk aquamancers
  A two-headed ogre (shapeshifter) (Depths:1)
  18 naga warriors
  4 two-headed ogres
  9 deep troll shamans
  10 tengu warriors
  An azure jelly zombie (Crypt:2)
  4 radroaches (Zig:24)
  79 death scarabs
  10 deep troll earth magi
  18 hell hogs
  17 vampire magi
  A sphinx skeleton (Zig:19)
  2 titan zombies
  26 demonic crawlers
  A shock serpent (shapeshifter) (Zig:9)
  24 naga sharpshooters
  6 occultists
  7 thrashing horrors
  Urug (D:13)
  3 orc high priests
  13 shock serpents
  7 spriggan berserkers
  2 spectral dire elephants
  107 sun demons
  Nergalle (Orc:2)
  20 hell knights
  8 skysharks
  5 crystal echidnas
  27 soul eaters
  22 deep elf knights
  4 hellephant skeletons (Pan)
  A titan skeleton (Tomb:3)
  9 shadow wraiths
  The ghost of TheBioAlchemist the Zephyrmancer, a novice TeAE of Vehumet (D:10)
  5 pharaoh ants (Zig:24)
  34 skeletal warriors
  Amaemon (Lair:3)
  An iron troll (shapeshifter) (Zig:23)
  29 sea snakes
  7 iron trolls
  A goliath frog (Zot:4)
  7 salamander mystics
  39 sixfirhies (Pan)
  4 quicksilver dragon simulacra
  2 bunyip zombies
  15 cherubim
  A death drake (Abyss:4)
  A spectral anaconda (Tar:5)
  14 mana vipers
  3 shining eyes (shapeshifter)
  7 glowing orange brains
  3 spriggan simulacra
  2 swamp dragons (shapeshifter)
  60 deep trolls
  A tengu zombie (Zig:19)
  16 sun moths
  A death drake (shapeshifter) (Zig:9)
  9 naga ritualists
  14 arcanists
  A sun moth (shapeshifter) (Zig:23)
  A mana viper (shapeshifter) (Vaults:3)
  24 shadow demons
  15 flayed ghosts
  3 obsidian statues
  An orb spider (shapeshifter) (Zig:23)
  3 orb spiders
  A swamp dragon (Zot:2)
  2 bog bodies (Crypt:2)
  15 harpies
  21 ironbound convokers
  12 lindwurms
  A glowing orange brain (shapeshifter) (Zig:23)
  2 orange crystal statues
  30 phantasmal warriors
  15 deep elf archers
  32 deep elf zephyrmancers
  7 necromancers
  16 starcursed masses
  A harpy (shapeshifter) (Elf:3)
  24 deep elf pyromancers
  12 orc knights
  10 steelbarb worms
  3 fenstrider witch simulacra (Coc:1)
  An iron dragon zombie (Zig:19)
  An ugly thing (shapeshifter) (Zig:23)
  22 oklob plants (Zig:20)
  28 manticores
  4 fauns (Shoals:3)
  10 cyclopes
  A human zombie (Tomb:2)
  4 lightning spires (Zig:24)
  9 orc sorcerers
  A shadow dragon skeleton (Zig:19)
  A stone giant zombie (Crypt:3)
  8 wolf spiders
  11 shining eyes
  24 salamanders
  20 merfolk sirens
  Maurice (D:9)
  A stone giant skeleton (Crypt:2)
  50 ugly things
  A faun (shapeshifter) (Zig:11)
  2 centaur zombies (Crypt:3)
  2 moths of wrath (shapeshifter)
  3 meliai (D:13)
  A meliai (shapeshifter) (D:13)
  A goliath frog skeleton (Crypt:1)
  A black mamba (shapeshifter) (D:15)
  17 guardian serpents
  A human skeleton (Vaults:4)
  5 apocalypse crabs
  4 elephants
  4 rust devils
  29 moths of wrath
  7 molten gargoyles
  2 alligator snapping turtle zombies (Crypt:3)
  53 black mambas
  5 kobold blastminers
  A toenail golem (D:4)
  A dire elephant zombie (Crypt:3)
  7 ice statues
  21 vault sentinels
  27 water nymphs
  2 cane toads (shapeshifter)
  2 eyes of devastation (shapeshifter)
  10 eyes of devastation
  15 naga magi
  A gargoyle (D:10)
  41 large abominations
  A storm dragon simulacrum (Coc:1)
  2 unseen horrors
  13 torpor snails
  8 spectral swamp worms (Tar:7)
  16 orange demons
  28 hellions
  13 cane toads
  54 smoke demons
  17 efreet
  5 rime drakes
  4 titan simulacra
  A mana viper skeleton (Crypt:2)
  A dire elephant skeleton (Tomb:1)
  2 centaur skeletons (Tomb:1)
  A kobold demonologist (Pan)
  A komodo dragon (shapeshifter) (Zig:17)
  A yellow draconian skeleton (Crypt:2)
  7 anaconda simulacra
  A tengu conjurer (D:14)
  27 yaktaurs
  2 bunyip simulacra
  2 rime drakes (shapeshifter)
  12 komodo dragons
  2 spectral nagas
  3 golden dragon simulacra
  36 tormentors
  12 freezing wraiths
  A yaktaur (shapeshifter) (Vaults:3)
  A pale draconian skeleton (Crypt:2)
  4 spectral harpies
  56 guardian mummies
  A hydra zombie (Crypt:3)
  An ice devil (Hell)
  9 red devils
  3 harpy zombies
  An ancient zyme (Abyss:4)
  2 merfolk (shapeshifter) (Zig:23)
  3 iron giant simulacra
  2 silent spectres
  13 wind drakes
  41 merfolk
  A shadow dragon simulacrum (Hell)
  3 polar bears (D:10)
  4 tyrant leeches (Lair:5)
  15 blink frogs
  11 hornets
  31 hellwings (Pan)
  6 tarantellas
  21 glass eyes
  3 trolls
  5 raiju
  A glass eye (shapeshifter) (Vaults:5)
  3 dream sheep (Shoals:2)
  45 saltlings (Desolation)
  An ettin zombie (Vaults:4)
  4 iron dragon simulacra
  20 snapping turtles
  4 centaur simulacra (D:10)
  206 slime creatures
  A jumping spider (shapeshifter) (Zig:11)
  3 stone giant simulacra
  A black mamba zombie (Crypt:3)
  3 spriggans (Depths:3)
  12 wraiths
  30 ynoxinuls (Pan)
  10 jumping spiders
  2 culicivoras (Zig:24)
  Sigmund (D:5)
  2 shadows
  2 dire elephant simulacra
  4 naga simulacra
  4 vampires
  33 water elementals
  59 yaks
  A human (shapeshifter) (Zig:9)
  21 ushabtiu
  A basilisk (shapeshifter) (Elf:1)
  4 golden eyes
  3 basilisks
  A warg (shapeshifter) (D:15)
  3 wyverns
  6 fire elementals
  9 redbacks
  A yak (shapeshifter) (Zig:11)
  A redback (shapeshifter) (D:15)
  3 steam dragons
  32 neqoxecs
  2 wargs
  12 vampire mosquitoes
  Edmund (D:5)
  35 chaos spawn
  36 nagas
  A swamp worm (shapeshifter) (Zig:23)
  2 swamp worms (D:12)
  9 harpy simulacra
  A naga (shapeshifter) (D:13)
  3 acid dragons
  A naga zombie (Crypt:3)
  A hydra simulacrum (Coc:6)
  A naga skeleton (Tomb:1)
  10 water moccasins
  2 great orb of eyes simulacra (IceCv)
  5 hell hounds
  24 orc warriors
  2 black bears (shapeshifter)
  2 sky beasts (D:8)
  6 black bears
  4 ice beasts
  A boggart (D:14)
  3 ettin simulacra
  A centaur (shapeshifter) (Vaults:5)
  18 laughing skulls
  13 ogres
  3 wolves
  13 centaurs
  A torpor snail zombie (Crypt:1)
  10 slime creature simulacra (IceCv)
  An elephant skeleton (Crypt:2)
  2 phantoms (D:4)
  10 bullfrogs
  3 kobold brigands
  The ghost of Minsecho the Ducker, an amateur SpMo (D:4)
  4 scorpions
  5 small abominations
  A glowing shapeshifter simulacrum (IceCv)
  15 necrophages
  6 earth elementals
  A hornet simulacrum (D:14)
  11 wyvern skeletons (Crypt:3)
  4 wights
  A swamp dragon simulacrum (Hell)
  6 killer bees
  2 electric eels
  6 howler monkeys
  A bombardier beetle (D:5)
  A wolf skeleton (Crypt:2)
  A quasit (D:4)
  5 hounds
  8 jellies
  10 orc priests
  5 iguanas
  35 orc wizards
  7 hell rats (Lair:2)
  A boggart skeleton (Crypt:1)
  A hound zombie (Crypt:2)
  51 mummies
  Robin (D:3)
  2 gnolls
  7 adders
  4 shadow imps
  6 white imps
  2 ufetubi
  5 ribbon worms
  A dart slug (D:4)
  96 orcs
  6 ball pythons
  A bat skeleton (Crypt:1)
  3 endoplasms
  3 giant cockroaches
  17 goblins
  8 hobgoblins
  2 quokkas
  7 bats
  A frilled lizard (D:1)
  A gnoll skeleton (Crypt:1)
  14 kobolds
  A kobold zombie (Crypt:2)
  5 rats
  23 aspiring fleshes
  17 butterflies
  2 creeping infernos
  10 fire vortices
  A fulminant prism (Elf:2)
  A lurking horror (Abyss:3)
  A tentacle (Shoals:1)
5315 creatures vanquished.

Vanquished Creatures (collateral kills)
  An ancient lich (Zot:5)
  A pandemonium lord (Pan)
  A pearl dragon (Zig:26)
  A tentacled monstrosity (Vaults:3)
  2 titans
  An Orb Guardian (Zot:5)
  A quicksilver dragon (Zot:1)
  A sphinx (D:15)
  A daeva (Zig:26)
  An azure jelly (Zig:25)
  A rockslime (Zig:25)
  A nargun (Coc:7)
  A spectral juggernaut (Zig:14)
  A curse skull (Zig:22)
  A reaper (Zig:22)
  An elemental wellspring (Coc:7)
  A white draconian (Zot:5)
  A fire dragon (Zot:2)
  A merfolk avatar (Shoals:4)
  A boulder beetle (D:15)
  A titan zombie (Zig:19)
  2 death scarabs (Tomb:1)
  A sixfirhy (Pan)
  A bunyip zombie (Crypt:3)
  A centaur zombie (Crypt:3)
  A moth of wrath (Zot:5)
  A black mamba (Snake:4)
  A culicivora (Zig:13)
  A wraith (D:13)
  A redback (Zig:24)
  A centaur (D:7)
  2 necrophages (Crypt:3)
  4 mummies
39 creatures vanquished.

Vanquished Creatures (others)
  2 Killer Klowns
  2 pandemonium lords (Zig:23)
  A Brimstone Fiend (Pan)
  An eldritch tentacle (Pan)
  An Executioner (Pan)
  2 protean progenitors (Zig:23)
  2 fire giants
  An elemental wellspring (Coc:6)
  A bunyip (Zig:23)
  A blizzard demon (Pan)
  2 ettins (Zig:23)
  2 sun demons (Pan)
  A deep troll (Vaults:4)
  A wolf spider (Zig:23)
  An ugly thing (Zig:23)
  2 deep elf pyromancers
  4 apocalypse crabs (Zig:23)
  2 water nymphs (Zig:23)
  A bunyip simulacrum (Coc:1)
  A fire bat (Abyss:3)
  A dire elephant simulacrum (Coc:1)
  A neqoxec (Pan)
  A wight (D:7)
  An orc wizard (Orc:2)
  425 fire vortices
  46 fulminant prisms
  6 starspawn tentacles
  11 tentacles
523 creatures vanquished.

Grand Total: 5877 creatures vanquished

Notes
Turn   | Place    | Note
-------+----------+-------------------------------------------
     0 | D:1      | hikkokomori the Gargoyle Alchemist began the quest for the
                  | Orb.
     0 | D:1      | Reached XP level 1. HP: 10/10 MP: 3/3
   232 | D:1      | Found Qouxt's Assorted Antiques.
   331 | D:1      | Reached XP level 2. HP: 16/16 MP: 5/5
   473 | D:1      | Reached skill level 1 in Fighting
  1008 | D:2      | Found a faded altar of an unknown god.
  1017 | D:2      | Reached XP level 3. HP: 20/20 MP: 6/6
  1496 | D:2      | Learned a level 3 spell: Mephitic Cloud
  1702 | D:2      | Found Ylatug's Magic Scroll Shop.
  1706 | D:2      | Bought a scroll of teleportation for 30 gold pieces
  1706 | D:2      | Bought a scroll of identify for 20 gold pieces
  1748 | D:3      | Reached XP level 4. HP: 25/25 MP: 7/7
  1807 | D:3      | Found a basalt altar of Yredelemnul.
  1874 | D:3      | Identified the +1 leather armour of Vlad {rCorr Str+4}
  2098 | D:3      | Noticed Robin
  2117 | D:3      | Killed Robin
  2124 | D:3      | Reached skill level 1 in Air Magic
  2561 | D:3      | Reached XP level 5. HP: 29/29 MP: 9/9
  2671 | D:4      | Found a transporter.
  2680 | D:4      | Noticed a kobold brigand
  2820 | D:4      | Reached XP level 6. HP: 30/34 MP: 1/10
  3080 | D:4      | Noticed Minsecho's ghost (amateur SpMo)
  3343 | D:4      | Noticed an ice beast
  3355 | D:4      | Killed an ice beast
  3356 | D:4      | Reached XP level 7. HP: 25/38 MP: 9/12
  3514 | D:4      | Found a transporter.
  3692 | D:4      | Found a glowing silver altar of Zin.
  3730 | D:4      | Found a one-way gate to the infinite horrors of the Abyss.
  3745 | D:5      | Entered Level 5 of the Dungeon
  3830 | D:5      | Noticed Edmund
  3841 | D:5      | Killed Edmund
  3951 | D:5      | Reached XP level 8. HP: 43/43 MP: 8/14
  4087 | D:5      | Reached skill level 5 in Conjurations
  4162 | D:5      | Found a shimmering altar of Xom.
  4196 | D:5      | Noticed Sigmund
  4209 | D:5      | Killed Sigmund
  4334 | D:5      | Found a glowing golden altar of the Shining One.
  4671 | D:6      | Reached skill level 5 in Spellcasting
  4903 | D:6      | Reached skill level 5 in Alchemy
  5186 | D:6      | Reached XP level 9. HP: 47/47 MP: 17/17
  5190 | D:6      | Learned a level 3 spell: Swiftness
  5195 | D:6      | Learned a level 4 spell: Olgreb's Toxic Radiance
  5296 | D:6      | Found a staircase to the Ecumenical Temple.
  5309 | Temple   | Entered the Ecumenical Temple
  5336 | Temple   | Became a worshipper of Gozag Ym Sagoz the Greedy
  5456 | D:7      | Found a flagged portal.
  5465 | Bailey   | Entered a bailey
  5548 | Bailey   | Noticed an orc warlord
  5851 | Bailey   | Found a runed translucent gate.
  5854 | Bailey   | Found a runed translucent gate.
  5892 | Bailey   | Found a runed translucent gate.
  6137 | Bailey   | Killed an orc warlord
  6138 | Bailey   | Reached skill level 5 in Fighting
  6198 | Bailey   | Identified the amulet "Mimucaij" {Reflect *Slow rPois Dex+2
                  | Slay+2 SH+5}
  6412 | D:6      | Learned a level 4 spell: Sticky Flame
  6463 | D:6      | Reached XP level 10. HP: 59/59 MP: 20/20
  6553 | D:6      | Reached skill level 1 in Fire Magic
  6966 | D:7      | Found a sparkling altar of Nemelex Xobeh.
  7097 | D:7      | Found a hazy altar of Hepliaklqana.
  7101 | D:7      | You fall into a shaft and drop 3 floors!
  7101 | D:10     | Entered Level 10 of the Dungeon
  7134 | D:10     | Noticed a gargoyle
  7180 | D:10     | Killed a gargoyle
  7188 | D:10     | Found a runed translucent gate.
  7191 | D:10     | Found a runed translucent gate.
  7330 | D:10     | Noticed a white ugly thing
  7331 | D:10     | Noticed a red ugly thing
  7331 | D:10     | Noticed a brown ugly thing
  7332 | D:10     | Found a runed translucent gate.
  7332 | D:10     | Noticed a white ugly thing
  7332 | D:10     | Noticed a green ugly thing
  7333 | D:10     | Noticed a purple ugly thing
  7552 | D:10     | Found an ancient bone altar of Kikubaaqudgha.
  7809 | D:9      | Found a staircase to the Lair.
  8020 | D:8      | Found an ornate altar of the Wu Jian Council.
  8055 | D:8      | Found a bloodstained altar of Trog.
  8056 | D:8      | Found a snail-covered altar of Cheibriados.
  8199 | D:8      | Noticed an unseen horror
  8206 | D:8      | Killed an unseen horror
  8328 | D:8      | Reached skill level 5 in Stealth
  8787 | D:1      | Bought the +2 pair of slick slippers {slick, slippery,
                  | EV+4} for 675 gold pieces
  8787 | D:1      | Found the +2 pair of slick slippers {slick, slippery, EV+4}
  9410 | D:9      | Found a stormy altar of Qazlal.
  9411 | D:9      | Noticed Maurice
  9419 | D:9      | Learned a level 3 spell: Passwall
  9425 | D:9      | Killed Maurice
  9426 | D:9      | Reached skill level 1 in Long Blades
  9426 | D:9      | Reached XP level 11. HP: 66/66 MP: 22/22
  9890 | D:9      | Found Uraym's Magic Scroll Shoppe.
 10186 | D:10     | Reached skill level 5 in Fire Magic
 10803 | D:1      | Bought a glowing demon blade for 450 gold pieces
 11054 | D:11     | Found a gate leading to a gauntlet.
 11068 | D:11     | Reached skill level 1 in Evocations
 11095 | Gauntlet | Entered a Gauntlet
 11095 | Gauntlet | Found a transporter.
 11095 | Gauntlet | Found a transporter.
 11095 | Gauntlet | Found a transporter.
 11096 | Gauntlet | Found a transporter.
 11099 | Gauntlet | Found a transporter.
 11099 | Gauntlet | Found a transporter.
 11101 | Gauntlet | Found a large runed translucent door.
 11102 | Gauntlet | Found a large runed translucent door.
 11103 | Gauntlet | Found a large runed translucent door.
 11103 | Gauntlet | Found a large runed translucent door.
 11103 | Gauntlet | Found a runed translucent door.
 11104 | Gauntlet | Found a runed translucent door.
 11105 | Gauntlet | Found a large runed translucent door.
 11106 | Gauntlet | Found a large runed translucent door.
 11106 | Gauntlet | Found a large runed translucent door.
 11106 | Gauntlet | Found a large runed translucent door.
 11107 | Gauntlet | Found a large runed translucent door.
 11108 | Gauntlet | Found a large runed translucent door.
 11118 | Gauntlet | Noticed a death yak
 11120 | Gauntlet | Found a large runed translucent door.
 11120 | Gauntlet | Noticed a death yak
 11121 | Gauntlet | Found a large runed translucent door.
 11122 | Gauntlet | Found a large runed translucent door.
 11124 | Gauntlet | Found a runed translucent gate.
 11125 | Gauntlet | Noticed a wretched star
 11126 | Gauntlet | Found a transporter.
 11128 | Gauntlet | Noticed a death yak
 11129 | Gauntlet | Noticed a death yak
 11130 | Gauntlet | Found a transporter.
 11130 | Gauntlet | Noticed a death yak
 11134 | Gauntlet | Noticed a blizzard demon
 11143 | Gauntlet | Found a transporter.
 11143 | Gauntlet | Found a transporter.
 11143 | Gauntlet | Found a runed translucent gate.
 11144 | Gauntlet | Found a runed translucent gate.
 11146 | Gauntlet | Found a large runed translucent door.
 11147 | Gauntlet | Found a large runed translucent door.
 11148 | Gauntlet | Found a large runed translucent door.
 11161 | Gauntlet | Found a transporter.
 11163 | Gauntlet | Noticed an obsidian statue
 11176 | Gauntlet | Found a transporter.
 11492 | Gauntlet | Killed a death yak
 11493 | Gauntlet | Reached XP level 12. HP: 75/75 MP: 14/24
 11494 | Gauntlet | Killed a death yak
 11496 | Gauntlet | Killed a death yak
 11499 | Gauntlet | Killed a death yak
 11503 | Gauntlet | Killed a death yak
 11658 | Gauntlet | Identified the amulet "Wyddad Bis" {rPois Regen+ Int+3
                  | Stlth+}
 11659 | Gauntlet | HP: 3/75 [blizzard demon/bolt of lightning (4)]
 12074 | Gauntlet | Noticed a minotaur
 12081 | Gauntlet | Killed a minotaur
 12280 | D:11     | Found a staircase to the Orcish Mines.
 12368 | D:11     | Acquired the amulet of Doubts {Reflect rF+ Dex+4 SH+5}
 12903 | Orc:1    | Entered Level 1 of the Orcish Mines
 13144 | Orc:1    | Found Onene's Jewellery Boutique.
 13166 | Orc:1    | Reached skill level 5 in Long Blades
 13433 | Orc:1    | Found Poqocy's Weapon Emporium.
 13619 | Orc:2    | Entered Level 2 of the Orcish Mines
 13691 | Orc:2    | Found a staircase to the Elven Halls.
 14813 | Orc:2    | Found a radiant altar of Vehumet.
 14814 | Orc:2    | Noticed an ogre mage
 14823 | Orc:2    | Reached XP level 13. HP: 82/82 MP: 24/26
 14824 | Orc:2    | Reached skill level 10 in Fighting
 14876 | Orc:2    | Reached skill level 10 in Spellcasting
 14879 | Orc:2    | Reached skill level 5 in Evocations
 14888 | Orc:2    | Found Nifukiz's Jewellery Shop.
 14908 | Orc:2    | Noticed Nergalle
 14921 | Orc:2    | Killed Nergalle
 14922 | Orc:2    | Reached skill level 1 in Armour
 15066 | Orc:2    | Found an ancient bone altar of Kikubaaqudgha.
 15097 | Orc:2    | Found Umonil's Antique Armour Shop.
 15097 | Orc:2    | Found Qidus's Antique Weapon Boutique.
 15115 | Orc:2    | Found Huesu's Distillery.
 15352 | Orc:2    | Bought a smoking leather armour for 175 gold pieces
 15352 | Orc:2    | Identified the +1 leather armour "Inneluck" {rN+ Int+2
                  | SInv} (You bought it in a shop on level 2 of the Orcish
                  | Mines)
 15352 | Orc:2    | Bought a glowing helmet for 187 gold pieces
 15352 | Orc:2    | Bought a pitted chain mail for 237 gold pieces
 15352 | Orc:2    | Identified the +0 chain mail of Conscience {rF+ SInv} (You
                  | bought it in a shop on level 2 of the Orcish Mines)
 15398 | Orc:2    | Bought a potion of haste for 140 gold pieces
 15398 | Orc:2    | Bought a potion of curing for 42 gold pieces
 15398 | Orc:2    | Bought a potion of heal wounds for 70 gold pieces
 15398 | Orc:2    | Bought a potion of enlightenment for 70 gold pieces
 15657 | Lair:1   | Entered Level 1 of the Lair of Beasts
 16417 | Lair:2   | Bought a pitted robe for 199 gold pieces
 16417 | Lair:2   | Identified the +1 robe of the Fisher {rElec Str+3} (You
                  | bought it in a shop on level 2 of the Lair of Beasts)
 16417 | Lair:2   | Bought a translucent buckler for 332 gold pieces
 16417 | Lair:2   | Identified the +0 buckler of Sin {rCorr} (You bought it in
                  | a shop on level 2 of the Lair of Beasts)
 16563 | Lair:2   | Reached skill level 1 in Shields
 17146 | Lair:2   | Found a staircase to the Snake Pit.
 17387 | Lair:3   | Noticed Nessos
 17394 | Lair:3   | Noticed Amaemon
 17518 | Lair:3   | Killed Amaemon
 17553 | Lair:3   | Killed Nessos
 17876 | Lair:3   | Reached skill level 5 in Armour
 18012 | Lair:3   | Found a staircase to the Shoals.
 18546 | Lair:4   | Gained mutation: Your large and strong wings let you fly.
                  | [Gargoyle growth]
 18546 | Lair:4   | Reached XP level 14. HP: 87/90 MP: 28/28
 19071 | Lair:4   | Reached skill level 5 in Shields
 19425 | Lair:5   | Entered Level 5 of the Lair of Beasts
 20627 | Lair:5   | Found a staircase to the Slime Pits.
 20927 | Lair:5   | Reached skill level 5 in Air Magic
 22799 | D:12     | Identified the +0 pair of boots of Xom's Felicitations
                  | {rPois MP+9}
 23121 | D:13     | Noticed Erolcha
 23130 | D:13     | Noticed Josephine
 23137 | D:13     | Noticed Urug
 23142 | D:13     | Killed Erolcha
 23149 | D:13     | Killed Urug
 23150 | D:13     | Killed Josephine
 23151 | D:13     | Reached XP level 15. HP: 53/98 MP: 13/29
 23358 | D:13     | Learned a level 6 spell: Plasma Beam
 23535 | D:13     | Noticed Frances
 23555 | D:13     | Killed Frances
 24265 | Abyss:3  | Cast into level 3 of the Abyss (an occultist)
 24277 | Abyss:3  | Found a corrupted altar of Lugonu.
 24315 | Abyss:3  | Noticed a bone dragon
 24782 | Abyss:3  | Gained mutation: You occasionally lose the ability to drink
                  | potions when taking damage. [a neqoxec]
 24796 | Abyss:3  | Noticed an ancient lich
 24840 | Abyss:3  | Noticed a daeva
 24902 | D:14     | Escaped the Abyss
 24968 | D:14     | Got the Encyclopedia of the Star-crossed Swarm
 25245 | D:14     | Found a gate to the Vaults.
 25259 | D:14     | Noticed Jorgrun
 25276 | D:14     | Killed Jorgrun
 25691 | D:14     | Found Vakonux's Assorted Antiques.
 26152 | D:15     | Entered Level 15 of the Dungeon
 26202 | D:15     | Bought the Reference Book on Contaminated Hexes for 612
                  | gold pieces
 26209 | D:15     | Learned a level 4 spell: Ignite Poison
 26997 | D:15     | Found a blossoming altar of Fedhas.
 26997 | D:15     | Found a blossoming altar of Fedhas.
 26998 | D:15     | Found a stormy altar of Qazlal.
 27130 | D:15     | Reached XP level 16. HP: 53/106 MP: 9/31
 27133 | D:15     | Reached skill level 5 in Dodging
 27836 | D:15     | Reached skill level 1 in Staves
 28758 | D:15     | HP: 4/106 [ice dragon/blast of cold (37)]
 29060 | D:15     | Noticed a shadow dragon
 29070 | D:15     | Killed a shadow dragon
 29279 | D:15     | Noticed a storm dragon
 29309 | D:15     | Killed a storm dragon
 29566 | D:15     | Got the Secrets of Frostbite
 29604 | D:15     | Got the Enchiridion on the Iceberg
 29630 | D:15     | Noticed a sphinx
 29636 | D:15     | Killed a sphinx
 29637 | D:15     | Identified the +6 falchion "Ziug" {flame, Str+3}
 29914 | D:15     | Noticed a sphinx
 29919 | D:15     | Paralysed by a sphinx for 2 turns
 29932 | D:15     | Killed a sphinx
 30467 | D:15     | Reached skill level 10 in Fire Magic
 30665 | D:15     | Found a staircase to the Depths.
 30779 | Depths:1 | Entered Level 1 of the Depths
 30779 | Depths:1 | Found a gateway to Hell.
 30782 | Depths:1 | Bought a translucent scale mail for 288 gold pieces
 30782 | Depths:1 | Identified the +4 scale mail of the Unbroken {rElec rN++}
                  | (You bought it in a shop on level 1 of the Depths)
 30782 | Depths:1 | Bought a transparent robe for 182 gold pieces
 30782 | Depths:1 | Identified the +1 robe "Kugaam" {rPois rN+ Stlth+} (You
                  | bought it in a shop on level 1 of the Depths)
 30849 | Depths:1 | Reached XP level 17. HP: 111/111 MP: 2/33
 31227 | Depths:1 | Noticed a golden dragon
 31941 | Depths:1 | Found a stormy altar of Qazlal.
 32082 | Depths:1 | Found Barghep's Changing Room.
 32096 | Depths:1 | Bought a book of Transmutation for 420 gold pieces
 32144 | Depths:1 | Learned a level 5 spell: Irradiate
 32217 | Depths:1 | HP: 3/111 [frost giant/+1 battleaxe of freezing (23)]
 32217 | Depths:1 | HP: 1/111 [frost giant/+1 battleaxe of freezing (2)]
 32451 | Depths:1 | Reached skill level 5 in Staves
 32938 | Shoals:1 | Entered Level 1 of the Shoals
 33797 | Shoals:1 | Noticed a kraken
 33807 | Shoals:1 | Killed a kraken
 34002 | Shoals:1 | Acquired the staff "Tileit" {^Fragile rElec rCorr Fire Ice
                  | Air}
 34012 | Shoals:1 | Learned a level 5 spell: Freezing Cloud
 34363 | Shoals:2 | Noticed Aral's ghost (adept MiBe)
 34363 | Shoals:2 | Found a runed translucent door.
 34633 | Shoals:2 | Found a glacial archway.
 34668 | IceCv    | Entered an ice cave
 35580 | IceCv    | Found a viscous altar of Jiyva.
 35605 | IceCv    | Got the ring of Zabloani {Ice +Blink rElec Will- Slay+3}
 35612 | IceCv    | Identified the amulet of Syndicalism {Acrobat Rampage rPois
                  | Str+5 Int-3}
 35832 | IceCv    | Found the +3 pair of seven-league boots {Rampage+∞}
 36962 | Shoals:3 | Reached XP level 18. HP: 117/117 MP: 24/35
 37902 | Shoals:4 | Entered Level 4 of the Shoals
 38813 | Shoals:4 | Reached skill level 10 in Air Magic
 38950 | Shoals:4 | Found Itekeus's Magic Scroll Boutique.
 38959 | Shoals:4 | Bought a scroll of fear for 72 gold pieces
 38959 | Shoals:4 | Bought a scroll of revelation for 135 gold pieces
 38959 | Shoals:4 | Bought a scroll of teleportation for 54 gold pieces
 39010 | Shoals:4 | Got a barnacled rune of Zot
 39516 | Shoals:4 | Got the Spellbook of the Morbid Burn
 39946 | Snake:1  | Entered Level 1 of the Snake Pit
 40183 | Snake:1  | Identified the serpent talisman of Pandemonium {Will+
                  | Int+2}
 40183 | Snake:1  | Noticed Aizul
 40195 | Snake:1  | Noticed Azrael
 40196 | Snake:1  | Killed Aizul
 40260 | Snake:1  | Killed Azrael
 40392 | Snake:1  | Noticed Asterion
 40395 | Snake:1  | Killed Asterion
 41622 | Snake:2  | Reached XP level 19. HP: 122/122 MP: 35/37
 42661 | Snake:2  | Reached skill level 15 in Fighting
 43003 | Snake:3  | Found Soyrahusm's Antique Weapon Shop.
 43574 | Snake:3  | Found Loynigi's Armour Shoppe.
 43845 | Snake:3  | Found Zizxuin's Tremendous Tomes.
 43855 | Snake:3  | Bought the Incunabulum of Hyperthermia for 1232 gold pieces
 43864 | Snake:3  | Learned a level 8 spell: Ignition
 44006 | Snake:4  | Entered Level 4 of the Snake Pit
 44028 | Snake:4  | Noticed Agnes
 44041 | Snake:4  | Killed Agnes
 44085 | Snake:4  | Noticed Vashnia
 44162 | Snake:4  | Killed Vashnia
 44547 | Snake:4  | Noticed Roxanne
 44675 | Snake:4  | Killed Roxanne
 45349 | Snake:4  | Reached XP level 20. HP: 131/131 MP: 31/38
 45631 | Snake:4  | Got a serpentine rune of Zot
 46051 | Depths:1 | Bought the +5 Storm Queen's Shield {shock, Fly rElec} for
                  | 1778 gold pieces
 46051 | Depths:1 | Found the +5 Storm Queen's Shield {shock, Fly rElec}
 46220 | Vaults:1 | Entered Level 1 of the Vaults
 46290 | Vaults:1 | Reached skill level 1 in Ice Magic
 46397 | Vaults:1 | Found a flickering gateway to a bazaar.
 46413 | Bazaar   | Entered a bazaar
 46413 | Bazaar   | Found Koatoite's Weapon Emporium.
 46413 | Bazaar   | Found Keoluz's Armour Shop.
 46413 | Bazaar   | Found Cuwk's Armour Shoppe.
 46413 | Bazaar   | Found Genwad's Distillery.
 46416 | Bazaar   | Found Urphu's Weapon Shoppe.
 46416 | Bazaar   | Found Ozout's Weapon Boutique.
 46451 | Bazaar   | Bought 2 potions of curing for 90 gold pieces
 46451 | Bazaar   | Bought a potion of curing for 45 gold pieces
 46451 | Bazaar   | Bought a potion of heal wounds for 75 gold pieces
 46451 | Bazaar   | Bought a potion of brilliance for 60 gold pieces
 46451 | Bazaar   | Bought a potion of cancellation for 120 gold pieces
 46451 | Bazaar   | Bought a potion of mutation for 120 gold pieces
 46451 | Bazaar   | Bought a potion of curing for 45 gold pieces
 46495 | Bazaar   | Bought the +11 chain mail of Lucidity {rPois Int+5} for 812
                  | gold pieces
 47692 | Vaults:1 | Reached skill level 10 in Shields
 49023 | Vaults:1 | Learned a level 4 spell: Fulminant Prism
 50124 | Vaults:2 | Found a portal to a secret trove of treasure.
 50521 | Vaults:2 | Found a staircase to the Crypt.
 50705 | Vaults:2 | Reached skill level 5 in Ice Magic
 50936 | Vaults:2 | Identified the +4 leather armour of Piufig {Fly MP-9 Int+6
                  | Dex-5}
 51670 | Vaults:2 | Noticed a golden dragon
 51701 | Vaults:2 | Killed a golden dragon
 52439 | Vaults:3 | Reached XP level 21. HP: 138/138 MP: 35/39
 53091 | Vaults:3 | Reached skill level 15 in Spellcasting
 53375 | Vaults:3 | Found Ugey's Antique Armour Emporium.
 53670 | Vaults:3 | Found a huge runed translucent gate.
 53670 | Vaults:3 | Found a huge runed translucent gate.
 53670 | Vaults:3 | Found a huge runed translucent gate.
 53670 | Vaults:3 | Found a huge runed translucent gate.
 53670 | Vaults:3 | Found a huge runed translucent gate.
 53670 | Vaults:3 | Found a huge runed translucent gate.
 53670 | Vaults:3 | Found a huge runed translucent gate.
 53670 | Vaults:3 | Found a huge runed translucent gate.
 53672 | Vaults:3 | Found a huge runed translucent gate.
 53672 | Vaults:3 | Found a huge runed translucent gate.
 53679 | Vaults:3 | Found a huge runed translucent gate.
 53679 | Vaults:3 | Found a huge runed translucent gate.
 53680 | Vaults:3 | Found a huge runed translucent gate.
 53681 | Vaults:3 | Found a huge runed translucent gate.
 53682 | Vaults:3 | Found a huge runed translucent gate.
 53682 | Vaults:3 | Found a huge runed translucent gate.
 53686 | Vaults:3 | Found a huge runed translucent gate.
 53687 | Vaults:3 | Found a huge runed translucent gate.
 53688 | Vaults:3 | Found a huge runed translucent gate.
 54026 | Vaults:3 | Found a huge runed translucent gate.
 54027 | Vaults:3 | Found a huge runed translucent gate.
 54028 | Vaults:3 | Found a huge runed translucent gate.
 54029 | Vaults:3 | Found a huge runed translucent gate.
 54030 | Vaults:3 | Found a huge runed translucent gate.
 54030 | Vaults:3 | Found a huge runed translucent gate.
 54034 | Vaults:3 | Found a huge runed translucent gate.
 54035 | Vaults:3 | Found a huge runed translucent gate.
 54036 | Vaults:3 | Found a huge runed translucent gate.
 54060 | Vaults:3 | Found a huge runed translucent gate.
 54061 | Vaults:3 | Found a huge runed translucent gate.
 54062 | Vaults:3 | Found a huge runed translucent gate.
 54063 | Vaults:3 | Found a huge runed translucent gate.
 54064 | Vaults:3 | Found a huge runed translucent gate.
 54064 | Vaults:3 | Found a huge runed translucent gate.
 54069 | Vaults:3 | Found a huge runed translucent gate.
 54070 | Vaults:3 | Found a huge runed translucent gate.
 54214 | Vaults:3 | Noticed a golden dragon
 54226 | Vaults:3 | Killed a golden dragon
 56356 | Vaults:4 | Reached skill level 10 in Evocations
 56902 | Vaults:4 | Bought a potion of magic for 120 gold pieces
 56902 | Vaults:4 | Bought a potion of resistance for 150 gold pieces
 56902 | Vaults:4 | Bought a potion of magic for 120 gold pieces
 56902 | Vaults:4 | Bought a potion of haste for 150 gold pieces
 56902 | Vaults:4 | Bought a potion of magic for 120 gold pieces
 56907 | Vaults:4 | Bought a pair of embroidered gloves for 360 gold pieces
 57150 | Elf:1    | Entered Level 1 of the Elven Halls
 57163 | Elf:1    | Reached XP level 22. HP: 137/146 MP: 19/41
 57471 | Elf:1    | Found Jymnuddi's Assorted Antiques.
 57526 | Elf:1    | Found a crumbling gateway.
 57579 | Desolati | Entered the Desolation of Salt
 58147 | Desolati | Identified the ring "Igestej" {Fly rElec rF+}
 58189 | Desolati | Reached skill level 15 in Fire Magic
 58524 | Desolati | Found the +7 great mace "Undeadhunter" {deathbane, rN+}
 58529 | Desolati | Identified the +4 lajatang of Pride {elec, Str+3}
 58545 | Desolati | Got the Spellbook of the Desert
 58574 | Desolati | Identified the amulet of Puigh {RegenMP rN+}
 58578 | Desolati | Identified the amulet "Wocuuguc" {rElec Regen+ Int+3}
 58797 | Desolati | Identified the +8 demon whip of Wunolax {vamp, ^Drain rElec
                  | rC+ Dex+2}
 58797 | Desolati | Identified the ring of Day {rF- Will+ MP+9 Int+8}
 60136 | Elf:1    | Identified the +11 long sword of Triumph {freeze, rElec
                  | Will- Dex+5}
 61825 | Elf:2    | Found a runed translucent gate.
 61840 | Elf:2    | Found a runed translucent gate.
 61840 | Elf:2    | Found a runed translucent gate.
 62702 | Elf:3    | Entered Level 3 of the Elven Halls
 62713 | Elf:3    | Found Vick's Book Shop.
 63226 | Elf:3    | Reached XP level 23. HP: 152/152 MP: 30/43
 63416 | Elf:3    | Found Naeg's General Store.
 63583 | Elf:3    | Found Sirumal's Assorted Antiques.
 63706 | Elf:3    | Bought a scroll of acquirement for 1976 gold pieces
 63706 | Elf:3    | Bought a potion of heal wounds for 190 gold pieces
 63708 | Elf:3    | Acquired hikkokomori's Reference Book on the Ground
 63853 | Elf:3    | Found Cily's Antique Armour Shoppe.
 63862 | Elf:3    | Bought a buckler for 135 gold pieces
 63862 | Elf:3    | Bought a scorched robe for 171 gold pieces
 63862 | Elf:3    | Identified the +1 robe of Xeiwo {Will- Regen+ rCorr Int+5}
                  | (You bought it in a shop on level 3 of the Elven Halls)
 63974 | Abyss:3  | Cast into level 3 of the Abyss (a deep elf sorcerer)
 64414 | Abyss:4  | Gained mutation: You are clumsy. (Dex -2) [a neqoxec]
 64431 | Abyss:4  | Got an abyssal rune of Zot
 64532 | Elf:3    | Escaped the Abyss
 64706 | Elf:2    | Lost mutation: You occasionally lose the ability to drink
                  | potions when taking damage. [potion of mutation]
 64706 | Elf:2    | Lost mutation: You are clumsy. (Dex -2) [potion of
                  | mutation]
 64706 | Elf:2    | Gained mutation: You are partially covered in iridescent
                  | scales. (AC +2) [potion of mutation]
 64706 | Elf:2    | Gained mutation: You have a pair of small horns on your
                  | head. [potion of mutation]
 64823 | Elf:3    | Identified the +2 robe of Spaghetti {Int+3}
 65061 | Elf:3    | Identified the +0 gold dragon scales of Mezcal {rPois rF+
                  | rC+ MP+9}
 65064 | Elf:3    | Identified the +6 rapier of the Mouth {freeze, rN+}
 65076 | Elf:3    | Identified the +4 battleaxe of Gofeasun {freeze, Str-2
                  | Int+5}
 65456 | Elf:3    | Identified the +5 ring mail of Azitae {Rampage}
 65458 | Elf:3    | Reached skill level 15 in Shields
 65641 | Elf:3    | Found Riffesuedgh's Antique Weapon Emporium.
 65744 | Elf:3    | Identified the ring of Ekhyboet {Fire Will+ Int+6}
 65818 | Elf:3    | Got the Parchment of Prime Shades
 65851 | Elf:3    | Identified the +4 chain mail of Impermeability {SInv}
 66279 | Depths:1 | Found a one-way gateway to a ziggurat.
 66555 | Depths:1 | Killed a golden dragon
 66782 | Depths:1 | Found Muytiocu's Specific Store.
 66784 | Depths:1 | Found Licakep's General Store.
 67564 | Depths:2 | Found a one-way gate leading to the halls of Pandemonium.
 68249 | Depths:2 | Noticed a juggernaut
 68251 | Depths:2 | Killed a juggernaut
 68741 | Depths:2 | Identified the +4 great mace of Dim Light {vamp, rElec
                  | Str+3}
 68763 | Depths:2 | Reached XP level 24. HP: 159/159 MP: 29/44
 69614 | Depths:2 | Reached skill level 10 in Dodging
 71499 | Depths:3 | Found Meirhoi's Antique Weapon Shop.
 72250 | Depths:4 | Entered Level 4 of the Depths
 72690 | Depths:4 | Found a gate to the Realm of Zot.
 72885 | Depths:4 | Identified the +10 great mace "Xiggoph" {pain, rF+ rN+
                  | Stlth+}
 73032 | Depths:4 | Found Soried's Book Emporium.
 73045 | Depths:4 | Found Haojit's Jewellery Boutique.
 73046 | Depths:4 | Found Luulek's Book Emporium.
 73550 | Zot:1    | Entered Level 1 of the Realm of Zot
 73575 | Zot:1    | Noticed an orb of fire
 73577 | Zot:1    | Gained mutation: You sometimes lose your temper in combat.
                  | [an orb of fire]
 73580 | Zot:1    | Gained mutation: Your health recovers twice as slowly from
                  | being drained. [an orb of fire]
 73660 | Hell     | Entered the Vestibule of Hell
 73660 | Hell     | Noticed Geryon
 74034 | Vaults:5 | Entered Level 5 of the Vaults
 74037 | Vaults:5 | Reached XP level 25. HP: 168/168 MP: 45/45
 74132 | Vaults:5 | Noticed a dread lich
 74147 | Vaults:5 | Identified the +8 chain mail of Fortification {rC+ Dex+3}
 74152 | Vaults:4 | Killed a dread lich
 74479 | Vaults:5 | Identified the +8 flail of Inimethre {drain, rElec rPois}
 74479 | Vaults:5 | Identified the ring of Ittauzath {*Slow Will+ rCorr Str+4
                  | Slay+2}
 74499 | Vaults:5 | Got a silver rune of Zot
 74501 | Vaults:5 | Identified the staff of the Wraith {rElec Air Earth}
 74707 | Vaults:5 | Identified the ring "Usogup" {rC+ rN+ Str+5}
 75126 | Vaults:5 | Identified the staff "Ynegayd" {Will+ rCorr Conj Earth}
 75153 | Vaults:5 | Got the Compendium of the Creative Squall
 75560 | Vaults:5 | Identified the +7 war axe of the Moon {chaos, Dex+3}
 75635 | Vaults:5 | Identified the +4 hand axe of Obiter Dictum {elec, ^Contam
                  | rPois Dex+6}
 75649 | Vaults:5 | Identified the +2 pair of boots "Soly" {rPois Will++
                  | Slay-3}
 75650 | Vaults:5 | Identified the +10 orcbow "Fuzeme" {flame, Str+4}
 75651 | Vaults:5 | Identified the +3 robe "Voru" {rC+}
 76065 | Slime:1  | Entered Level 1 of the Pits of Slime
 76566 | Slime:2  | Gained mutation: You occasionally lose the ability to read
                  | scrolls when taking damage. [a shining eye]
 76876 | Slime:3  | Reached skill level 10 in Stealth
 78011 | Slime:2  | Reached XP level 26. HP: 176/176 MP: 10/46
 78286 | Slime:2  | Found a viscous altar of Jiyva.
 80221 | Slime:5  | Entered Level 5 of the Pits of Slime
 80264 | Slime:5  | Reached skill level 10 in Conjurations
 80548 | Slime:5  | Found a viscous altar of Jiyva.
 80714 | Slime:5  | Noticed the Royal Jelly
 80719 | Slime:5  | Killed the Royal Jelly
 80729 | Slime:5  | Found the ring of Shadows {Umbra +Inv Stlth+}
 80985 | Slime:5  | Identified the +2 scimitar of the Heavens {flame, ^Fragile
                  | rF+ Str+4}
 81005 | Slime:5  | Identified the +1 trident of Trauma {holy, rC- Dex+6}
 81025 | Slime:5  | Identified the ring "Wegiyxkawki" {Fire Fly}
 81030 | Slime:5  | Identified the +0 rapier "Viepatye" {venom, +Blink rN+
                  | Int+2 Dex+3}
 81034 | Slime:5  | Got a slimy rune of Zot
 81042 | Slime:5  | Identified the +7 plate armour of Snakes and Ladders {rC+++
                  | Int-5 Dex+3 SInv}
 81221 | Slime:5  | Identified the +2 leather armour of Filth {rElec Regen+}
 83102 | Depths:4 | Bought a faintly glowing orb for 546 gold pieces
 83102 | Depths:4 | Identified the orb "Gaestiycw" {*channel, Harm Int-3 Stlth+
                  | Ice} (You bought it in a shop on level 4 of the Depths)
 83102 | Depths:4 | Bought a slimy hat for 351 gold pieces
 83102 | Depths:4 | Identified the +0 hat of Responsibility {rN+ MP-9 Dex+4}
                  | (You bought it in a shop on level 4 of the Depths)
 83179 | Zot:1    | Gained mutation: Armour fits poorly on your strangely
                  | shaped body. [an orb of fire]
 83189 | Depths:4 | Lost mutation: You have a pair of small horns on your head.
                  | [potion of mutation]
 83189 | Depths:4 | Lost mutation: You occasionally lose the ability to read
                  | scrolls when taking damage. [potion of mutation]
 83189 | Depths:4 | Lost mutation: Your health recovers twice as slowly from
                  | being drained. [potion of mutation]
 83189 | Depths:4 | Gained mutation: You expend magic power (3 MP) to
                  | strengthen your wands. [potion of mutation]
 83344 | Pan      | Entered Pandemonium
 83361 | Pan      | Gained mutation: You are occasionally teleported next to
                  | monsters. [a cacodemon]
 83578 | Pan      | Noticed Waath the pandemonium lord
 83584 | Pan      | Killed Waath the pandemonium lord
 83800 | Pan      | Reached skill level 10 in Armour
 83848 | Pan      | Entered the realm of Cerebov.
 84156 | Pan      | Lost mutation: You sometimes lose your temper in combat.
                  | [potion of mutation]
 84156 | Pan      | Lost mutation: Armour fits poorly on your strangely shaped
                  | body. [potion of mutation]
 84156 | Pan      | Lost mutation: You are occasionally teleported next to
                  | monsters. [potion of mutation]
 84156 | Pan      | Lost mutation: You expend magic power (3 MP) to strengthen
                  | your wands. [potion of mutation]
 84156 | Pan      | Gained mutation: You expend magic power (3 MP) to
                  | strengthen your wands. [potion of mutation]
 84653 | Pan      | Learned a level 4 spell: Leda's Liquefaction
 84656 | Pan      | Learned a level 2 spell: Blink
 84714 | Pan      | Learned a level 1 spell: Apportation
 84971 | Pan      | Identified the +6 short sword of Circular Logic {antimagic,
                  | rPois rC- Str+3}
 85239 | Pan      | Found the +6 sword of Cerebov {flame}
 85239 | Pan      | Noticed Cerebov
 85303 | Pan      | Killed Cerebov
 85353 | Pan      | Reached XP level 27. HP: 168/183 MP: 12/46
 85536 | Pan      | Identified the +0 leather armour of Cowardice {rPois Will-
                  | rCorr Dex+5}
 85548 | Pan      | Identified the staff "Hellblazer" {rF+ Str+3 Tloc Fire}
 85733 | Pan      | Identified the +7 shortbow of Venu {flame, rF+ Str+3 SInv}
 85802 | Pan      | Identified the +4 quarterstaff "Agooxzi" {pain, ^Contam rN+
                  | MP+9 Str+6}
 85839 | Pan      | Got a fiery rune of Zot
 85866 | Pan      | Identified the +9 halberd of the Nurturing Gods {flame,
                  | Int+3}
 86883 | Pan      | Noticed Tyroach the pandemonium lord
 87043 | Pan      | Learned a level 8 spell: Maxwell's Capacitive Coupling
 87111 | Pan      | Killed Tyroach the pandemonium lord
 87111 | Pan      | Gained mutation: You do not regenerate when monsters are
                  | visible. [mutagenic glow]
 87914 | Pan      | Got a demonic rune of Zot
 88402 | Pan      | Noticed Mennas
 88478 | Pan      | Gained mutation: You are weak. (Str -2) [a cacodemon]
 88648 | Pan      | Noticed Kiruyf Ydoe the pandemonium lord
 88663 | Pan      | Killed Kiruyf Ydoe the pandemonium lord
 88674 | Pan      | Killed Mennas
 88761 | Pan      | Found an exit through the horrors of the Abyss.
 90104 | Pan      | Identified the +8 plate armour of Oroa {rF+ Dex+3}
 90460 | Pan      | Noticed Qival the pandemonium lord
 90462 | Pan      | Killed Qival the pandemonium lord
 90539 | Pan      | Entered the realm of Lom Lobon.
 91934 | Pan      | Noticed Lom Lobon
 91939 | Pan      | Killed Lom Lobon
 91983 | Pan      | Got a magical rune of Zot
 92478 | Pan      | Entered the realm of Mnoleg.
 92683 | Pan      | Gained mutation: You are vulnerable to cold. (rC-) [a
                  | cacodemon]
 92762 | Pan      | Gained mutation: Your health recovers twice as slowly from
                  | being drained. [a cacodemon]
 92784 | Pan      | Lost mutation: You expend magic power (3 MP) to strengthen
                  | your wands. [potion of mutation]
 92784 | Pan      | Lost mutation: You are weak. (Str -2) [potion of mutation]
 92784 | Pan      | Lost mutation: You do not regenerate when monsters are
                  | visible. [potion of mutation]
 92784 | Pan      | Gained mutation: Your skin changes colour to match your
                  | surroundings (Stealth+). [potion of mutation]
 92784 | Pan      | Gained mutation: Your body sometimes deteriorates upon
                  | taking damage. [potion of mutation]
 92784 | Pan      | Gained mutation: You have large cloven feet. [potion of
                  | mutation]
 92784 | Pan      | Gained mutation: Your movements are slightly less
                  | encumbered by armour. (ER -2) [potion of mutation]
 92790 | Pan      | Gained mutation: You have hidden genetic defects. [a
                  | neqoxec]
 92829 | Pan      | Gained mutation: You occasionally lose the ability to read
                  | scrolls when taking damage. [a neqoxec]
 93236 | Pan      | Gained mutation: You have terrible hidden genetic defects.
                  | [a cacodemon]
 93259 | Pan      | Lost mutation: You occasionally lose the ability to read
                  | scrolls when taking damage. [potion of mutation]
 93259 | Pan      | Lost mutation: Your health recovers twice as slowly from
                  | being drained. [potion of mutation]
 93259 | Pan      | Lost mutation: Your movements are slightly less encumbered
                  | by armour. (ER -2) [potion of mutation]
 93639 | Pan      | Noticed Mnoleg
 93657 | Pan      | Killed Mnoleg
 93667 | Pan      | Gained mutation: You are clumsy. (Dex -2) [hidden defects]
 93719 | Pan      | Got a glowing rune of Zot
 93728 | Pan      | Lost mutation: You are vulnerable to cold. (rC-) [potion of
                  | mutation]
 93728 | Pan      | Lost mutation: You are partially covered in iridescent
                  | scales. (AC +2) [potion of mutation]
 93728 | Pan      | Lost mutation: Your body sometimes deteriorates upon taking
                  | damage. [potion of mutation]
 93728 | Pan      | Gained mutation: You are frail. (-10% HP) [potion of
                  | mutation]
 93728 | Pan      | Gained mutation: Your flesh is heat resistant. (rF+)
                  | [potion of mutation]
 93729 | Pan      | Lost mutation: You have terrible hidden genetic defects.
                  | [potion of mutation]
 93729 | Pan      | Lost mutation: Your flesh is heat resistant. (rF+) [potion
                  | of mutation]
 93729 | Pan      | Lost mutation: You have hidden genetic defects. [potion of
                  | mutation]
 93729 | Pan      | Gained mutation: Your magical capacity is low. (-10% MP)
                  | [potion of mutation]
 94419 | Pan      | Found an opulent altar of Gozag.
 94425 | Pan      | Noticed Feeroj the pandemonium lord
 94430 | Pan      | Found Feeroj's Superb Hardware.
 94432 | Pan      | Found Feeroj's Infernal Boutique.
 94434 | Pan      | Found Feeroj's Rarities Market.
 94448 | Pan      | Killed Feeroj the pandemonium lord
 94467 | Pan      | Found an opulent altar of Gozag.
 94483 | Pan      | Found Feeroj's Jewellery Emporium.
 94491 | Pan      | Found an opulent altar of Gozag.
 94534 | Pan      | Bought the amulet "Qaji" {rF+ Will+ Regen+ rCorr} for 883
                  | gold pieces
 94793 | Depths:4 | Escaped Pandemonium
 95090 | Vaults:2 | You paid a toll of 19 potions of curing to enter a treasure
                  | trove
 95091 | Trove    | Entered a treasure trove
 95096 | Trove    | Found the +15 Maxwell's patent armour {-Cast -Tele rElec
                  | Will+ rCorr}
 95123 | Trove    | Identified the amulet "Latos" {Reflect ^Drain Int+10 SH+5}
 95148 | Vaults:2 | Learned a level 9 spell: Fire Storm
 95165 | Vaults:2 | Bought a scroll of teleportation for 51 gold pieces
 95165 | Vaults:2 | Bought a scroll of revelation for 127 gold pieces
 95583 | D:10     | Found a runed translucent gate.
 95583 | D:10     | Found a runed translucent gate.
 95589 | D:10     | Found a runed translucent gate.
 95602 | D:10     | Noticed TheBioAlchemist's ghost (novice TeAE)
 95607 | D:10     | Killed TheBioAlchemist's ghost
 95857 | Shoals:2 | Killed Aral's ghost
 95868 | Shoals:2 | Identified the +5 long sword of Xoroweol {drain, Int+2}
 96215 | D:4      | Killed Minsecho's ghost
 96596 | Depths:4 | Bought a runed helmet for 300 gold pieces
 96596 | Depths:4 | Bought a steaming helmet for 380 gold pieces
 96596 | Depths:4 | Identified the +4 helmet of the Black Moon {^Contam rElec
                  | rN+ Str+2} (You bought it in a shop on level 4 of the
                  | Depths)
 96850 | Zot:1    | Killed an orb of fire
 96980 | Zot:1    | Noticed Parghit
 96993 | Zot:1    | Killed Parghit
 96994 | Zot:1    | Reached skill level 15 in Conjurations
 97163 | Zot:1    | Noticed an orb of fire
 97173 | Zot:1    | Killed an orb of fire
 99680 | Zot:2    | Identified the +6 rapier "Ylaunn" {freeze, rC+ Will+}
100073 | Zot:2    | Identified the +5 great sword of the Blind Eye {heavy,
                  | rElec SInv}
100804 | Zot:2    | Gained mutation: You sometimes lose your temper in combat.
                  | [mutagenic glow]
101379 | Zot:3    | Reached skill level 15 in Air Magic
101598 | Zot:3    | Identified the +2 short sword of Res Nullius {venom, rC+}
102812 | Zot:3    | Found a stormy altar of Qazlal.
102836 | Zot:3    | You are sucked into a shaft and drop 1 floor!
102986 | Zot:4    | Noticed an orb of fire
104127 | Zot:3    | Lost mutation: You are clumsy. (Dex -2) [an orb of fire]
104128 | Zot:3    | Killed an orb of fire
104343 | Zot:4    | Noticed an orb of fire
104349 | Zot:4    | Noticed an orb of fire
104351 | Zot:4    | Killed an orb of fire
104355 | Zot:4    | Killed an orb of fire
106102 | Zot:5    | Entered Level 5 of the Realm of Zot
107252 | Zot:5    | Noticed an orb of fire
107263 | Zot:5    | Killed an orb of fire
107632 | Zot:5    | Noticed a dread lich
107635 | Zot:5    | Killed a dread lich
107636 | Zot:5    | Noticed an orb of fire
108055 | Zot:5    | Killed an orb of fire
108282 | Zot:5    | Noticed a dread lich
108291 | Zot:5    | Killed a dread lich
108293 | Zot:5    | Noticed an ancient lich
108305 | Zot:5    | Killed an ancient lich
108600 | Zot:5    | Noticed an orb of fire
108604 | Zot:5    | Killed an orb of fire
109196 | Zot:5    | Bought a faintly humming hat for 315 gold pieces
109196 | Zot:5    | Identified the +2 hat of Kuzxoram {*Corrode +Blink Dex+4}
                  | (You bought it in a shop on level 5 of the Realm of Zot)
109532 | Zig:1    | Entered Level 1 of a ziggurat
109616 | Zig:2    | Entered Level 2 of a ziggurat
109616 | Zig:2    | Noticed Peamy the pandemonium lord
109634 | Zig:3    | Entered Level 3 of a ziggurat
109634 | Zig:3    | Found the +3 Mad Mage's Maulers {Infuse+∞ VampMP -Cast}
109808 | Zig:3    | Identified the +0 ring mail "Ossoniem" {rPois Str+3}
109819 | Zig:4    | Entered Level 4 of a ziggurat
109845 | Zig:5    | Entered Level 5 of a ziggurat
109911 | Zig:5    | Identified the +3 short sword "Fonodum" {pain, rCorr Dex+5}
109928 | Zig:6    | Entered Level 6 of a ziggurat
109935 | Zig:6    | Found the +6 lightning scales {swift, rElec}
109936 | Zig:6    | Noticed a dread lich
109940 | Zig:6    | Killed a dread lich
109984 | Zig:6    | Identified the staff "Kestrob" {rF+ Will+ Dex+4 Fire}
109991 | Zig:7    | Entered Level 7 of a ziggurat
110090 | Zig:7    | Got Leda's Commentary on the Ground
110107 | Zig:7    | Identified the +3 ring mail of the Hippo {rF++ rN+ Str-4
                  | Stlth+}
110111 | Zig:7    | Identified the +0 dagger "Qovoiwk" {flame, rElec Dex+3}
110132 | Zig:8    | Entered Level 8 of a ziggurat
110209 | Zig:8    | Identified the +5 arbalest of the Madman {heavy, rN+ Str+2
                  | Dex+4}
110214 | Zig:8    | Identified the +8 sling "Lefuupi" {elec, Will+ Str+3}
110220 | Zig:8    | Identified the +4 morningstar of the Mind {flame, Dex+5}
110227 | Zig:9    | Entered Level 9 of a ziggurat
110235 | Zig:9    | Noticed Qiotiban the pandemonium lord
110248 | Zig:9    | Killed Qiotiban the pandemonium lord
110495 | Zig:9    | Identified the ring "Lybaizih" {Str+4 SInv}
110505 | Zig:9    | Identified the +7 dagger of Zipleumu {antimagic, ^Fragile
                  | rF+ Stlth+}
110517 | Zig:9    | Identified the +2 sling of Diwk {flame, *Corrode +Blink
                  | rElec}
110533 | Zig:10   | Entered Level 10 of a ziggurat
110540 | Zig:10   | Noticed a dread lich
110541 | Zig:10   | Noticed a dread lich
110542 | Zig:10   | Noticed a dread lich
110545 | Zig:10   | Killed a dread lich
110545 | Zig:10   | Killed a dread lich
110546 | Zig:10   | Killed a dread lich
110634 | Zig:10   | Found the sphere of Battle
110661 | Zig:10   | Identified the +7 arbalest of Ru's Respect {freeze, Dex+6}
110670 | Zig:10   | Identified the +2 glaive of Fee Simple {drain, Str+4}
110694 | Zig:11   | Entered Level 11 of a ziggurat
110733 | Zig:11   | Noticed an ancient lich
110735 | Zig:11   | Killed an ancient lich
110737 | Zig:11   | Noticed an ancient lich
110743 | Zig:11   | Noticed a dread lich
110743 | Zig:11   | Killed an ancient lich
110751 | Zig:11   | Killed a dread lich
111076 | Zig:11   | Identified the +0 quarterstaff of Balance {flame, rC+
                  | Int+4}
111089 | Zig:11   | Identified the amulet "Yphe" {rF+ Regen+ Int+3 Dex+2}
111098 | Zig:11   | Acquired the +1 pair of gloves "Neittuw" {Int+3}
111114 | Zig:12   | Entered Level 12 of a ziggurat
111131 | Zig:12   | Noticed an ancient lich
111131 | Zig:12   | Noticed an ancient lich
111132 | Zig:12   | Noticed an ancient lich
111132 | Zig:12   | Noticed an ancient lich
111133 | Zig:12   | Noticed a dread lich
111133 | Zig:12   | Killed an ancient lich
111134 | Zig:12   | Killed a dread lich
111134 | Zig:12   | Killed an ancient lich
111135 | Zig:12   | Killed an ancient lich
111135 | Zig:12   | Killed an ancient lich
111277 | Zig:12   | Identified the +1 sling "Jellybane" {flame, rCorr Int+3
                  | Dex-3}
111318 | Zig:13   | Entered Level 13 of a ziggurat
111761 | Zig:13   | Identified the ring of Lesaapoh {Ice Int-2 Dex+4}
111767 | Zig:13   | Identified the +1 robe of the Slightly Bent {Fly Dex+4
                  | Slay-6}
111773 | Zig:13   | Got the Vellum of Sweltering Terra Firma
111774 | Zig:13   | Identified the +11 rapier "Qeazil" {drain, rF+}
111777 | Zig:13   | Identified the ring "Xyweed" {AC+4 Dex+4}
111897 | Zig:14   | Entered Level 14 of a ziggurat
112160 | Zig:14   | Identified the +0 robe of Ychyashu {+Inv Str-2 Dex+3}
112220 | Zig:15   | Entered Level 15 of a ziggurat
112235 | Zig:15   | Noticed an ancient lich
112235 | Zig:15   | Noticed a dread lich
112235 | Zig:15   | Found the necklace of Bloodlust {Fury *Rage Will++ Int-3
                  | Slay+6}
112236 | Zig:15   | Noticed a dread lich
112237 | Zig:15   | Noticed a dread lich
112237 | Zig:15   | Noticed a dread lich
112238 | Zig:15   | Killed a dread lich
112238 | Zig:15   | Killed an ancient lich
112239 | Zig:15   | Killed a dread lich
112239 | Zig:15   | Killed a dread lich
112240 | Zig:15   | Noticed a dread lich
112240 | Zig:15   | Noticed an ancient lich
112241 | Zig:15   | Killed a dread lich
112241 | Zig:15   | Noticed an ancient lich
112242 | Zig:15   | Killed a dread lich
112242 | Zig:15   | Killed an ancient lich
112242 | Zig:15   | Killed an ancient lich
112407 | Zig:15   | Got the Codex of the Foggy Maleficium
112448 | Zig:16   | Entered Level 16 of a ziggurat
112464 | Zig:16   | Noticed an ancient lich
112468 | Zig:16   | Noticed a dread lich
112489 | Zig:16   | Killed a dread lich
112490 | Zig:16   | Killed an ancient lich
112661 | Zig:16   | Identified the +0 morningstar of the World {freeze, *Slow
                  | Dex+7}
112678 | Zig:16   | Identified the +0 battleaxe of Ylioq {venom, rElec rC+
                  | Dex-5 Stlth+}
112701 | Zig:16   | Identified the staff of the Moon {rF+ Stlth+ Fire}
112711 | Zig:17   | Entered Level 17 of a ziggurat
112721 | Zig:17   | Noticed an ancient lich
112724 | Zig:17   | Killed an ancient lich
112724 | Zig:17   | Noticed an ancient lich
112733 | Zig:17   | Noticed an ancient lich
112734 | Zig:17   | Noticed an ancient lich
112735 | Zig:17   | Killed an ancient lich
112736 | Zig:17   | Killed an ancient lich
112743 | Zig:17   | Killed an ancient lich
112774 | Zig:17   | Noticed an ancient lich
112782 | Zig:17   | Killed an ancient lich
113036 | Zig:17   | Identified the ring "Kixil" {rPois rF+ rC+ Will- Str+7}
113039 | Zig:17   | Got the Dissertation on Snow and Company
113040 | Zig:17   | Identified the amulet of Cegifrot {Spirit Harm rPois Str-4
                  | Int+3}
113053 | Zig:18   | Entered Level 18 of a ziggurat
113078 | Zig:18   | Noticed a juggernaut
113079 | Zig:18   | Noticed a juggernaut
113079 | Zig:18   | Noticed a juggernaut
113081 | Zig:18   | Killed a juggernaut
113083 | Zig:18   | Killed a juggernaut
113083 | Zig:18   | Killed a juggernaut
113259 | Zig:18   | Identified the +3 scimitar of Vareurgh {drain, rElec rF+
                  | Int+4}
113290 | Zig:18   | Identified the ring "Nomeg" {^Contam Fly rC- rCorr Dex+6}
113310 | Zig:18   | Acquired 410 gold pieces
113321 | Zig:19   | Entered Level 19 of a ziggurat
113335 | Zig:19   | Noticed a royal mummy
113344 | Zig:19   | Killed a royal mummy
113364 | Zig:19   | Noticed a royal mummy
113369 | Zig:19   | Killed a royal mummy
113401 | Zig:19   | Noticed a royal mummy
113416 | Zig:19   | Killed a royal mummy
113753 | Zig:19   | Found the +8 trishula "Condemnation" {holy, anguish, *Noise
                  | Fly rN+}
113759 | Zig:19   | Identified the ring of Inunir Uka {Wiz Int+2}
113760 | Zig:19   | Identified the staff "Eqoomos" {+Blink Conj Hexes}
113779 | Zig:19   | Identified the +7 longbow "Hiedybo" {speed, rC+ Dex+3}
113781 | Zig:19   | Identified the +1 troll leather armour of Curiosity {Regen+
                  | Int+4}
113798 | Zig:20   | Entered Level 20 of a ziggurat
114656 | Zig:20   | Identified the +5 ring mail of the Lily {Rampage Int+4
                  | Dex+2}
114682 | Zig:20   | Identified the +2 robe of the Well-Known Tusks {rN+ Slay-2
                  | SInv}
114719 | Zig:21   | Entered Level 21 of a ziggurat
114758 | Zig:21   | Found the ring of the Tortoise {AC+8}
114758 | Zig:21   | Found the +6 shillelagh "Devastator" {shatter}
114972 | Zig:21   | Noticed Dazist the pandemonium lord
115005 | Zig:21   | Identified the +3 longbow of the Realm of Zot {antimagic,
                  | Int+2}
115007 | Zig:21   | Identified the +0 plate armour of Rimil {rPois Will+}
115025 | Zig:21   | Identified the ring of Luawnan {Ice +Blink Will+}
115028 | Zig:21   | Identified the +4 war axe of the Radish {spect, ^Fragile
                  | Will++}
115103 | Zig:22   | Entered Level 22 of a ziggurat
115126 | Zig:22   | Noticed a dread lich
115127 | Zig:22   | Noticed a dread lich
115148 | Zig:22   | Killed a dread lich
115148 | Zig:22   | Killed a dread lich
115488 | Zig:22   | Found the +7 Spriggan's Knife {stab, EV+4 Stlth+}
115506 | Zig:22   | Identified the ring "Zecrurau" {rF+ rC+ Str+3 Int-3}
115514 | Zig:22   | Identified the ring of Solidat {Fly Str+2 Dex+3}
115522 | Zig:22   | Identified the staff "Baleog" {rN+ Str+4 Int-5 Necro}
115523 | Zig:22   | Identified the staff of Stickiness {rC+ Str-2 Int+8 Ice}
115549 | Zig:23   | Entered Level 23 of a ziggurat
115565 | Zig:23   | Killed Oczez the pandemonium lord
115567 | Zig:23   | Noticed Kox Giphe the pandemonium lord
115567 | Zig:23   | Noticed Salyarr the pandemonium lord
115569 | Zig:23   | Noticed Eqyaqocw the pandemonium lord
115569 | Zig:23   | Noticed Zuroshox the pandemonium lord
115571 | Zig:23   | Noticed Zeuverio the pandemonium lord
115572 | Zig:23   | Noticed Puheom the pandemonium lord
115572 | Zig:23   | Killed Kox Giphe the pandemonium lord
115572 | Zig:23   | Killed Eqyaqocw the pandemonium lord
115573 | Zig:23   | Noticed Qebruop the pandemonium lord
115573 | Zig:23   | Noticed Neus the pandemonium lord
115574 | Zig:23   | Killed Salyarr the pandemonium lord
115574 | Zig:23   | Noticed Ytzuuvet the pandemonium lord
115575 | Zig:23   | Killed Zeuverio the pandemonium lord
115575 | Zig:23   | Killed Qebruop the pandemonium lord
115577 | Zig:23   | Noticed Qyguush the pandemonium lord
115577 | Zig:23   | Killed Puheom the pandemonium lord
115577 | Zig:23   | Noticed Korua the pandemonium lord
115579 | Zig:23   | Killed Zuroshox the pandemonium lord
115582 | Zig:23   | Killed Korua the pandemonium lord
115583 | Zig:23   | Killed Neus the pandemonium lord
115584 | Zig:23   | Killed Ytzuuvet the pandemonium lord
115596 | Zig:23   | Killed Qyguush the pandemonium lord
115902 | Zig:23   | Found the +8 pair of quick blades "Gyre" and "Gimble"
                  | {protect}
115912 | Zig:23   | Identified the +4 rapier of Desperation {venom, Str+3
                  | Dex+5}
115918 | Zig:23   | Identified the +8 long sword "Tetwacif" {heavy, Int+4}
115924 | Zig:23   | Got the Quarto of Dark Aeromancy
115934 | Zig:23   | Identified the +3 ring mail "Madaf" {Dex+6}
115936 | Zig:23   | Identified the ring "Busywn" {^Contam rPois rF+ rN++ Will+
                  | rCorr}
115938 | Zig:23   | Identified the +3 shortbow of Kopluypp {elec, Str+2}
115943 | Zig:23   | Identified the +1 long sword "Naoj" {protect, Fly}
116155 | Zig:24   | Entered Level 24 of a ziggurat
116250 | Zig:24   | Reached skill level 27 in Fighting
117126 | Zig:24   | Learned a level 9 spell: Chain Lightning
117147 | Zig:25   | Entered Level 25 of a ziggurat
117216 | Zig:25   | Reached skill level 5 in Earth Magic
117471 | Zig:25   | Identified the ring "Bepya" {rPois rF- Str+4 Dex+6}
117472 | Zig:25   | Identified the +3 plate armour "Woesin" {Regen+}
117476 | Zig:25   | Identified the ring "Izel" {MP+9 Str+2 SInv}
117484 | Zig:25   | Identified the +5 shortbow of Loemucec {heavy, Dex+3}
117487 | Zig:25   | Identified the staff "Iroag" {Dex+4 Conj Ice Alchemy}
117664 | Zig:26   | Entered Level 26 of a ziggurat
117687 | Zig:26   | Identified the +2 tower shield of the First Ears {rCorr}
117839 | Zig:26   | Identified the staff of the Thing {^Drain rPois Conj Hexes
                  | Necro Alchemy}
118107 | Zig:26   | Reached skill level 10 in Earth Magic
118116 | Zig:26   | Identified the +4 glaive of the Toothy God {drain, Will+}
118120 | Zig:26   | Identified the +9 halberd "Ziol" {spect, *Noise Will+++
                  | Dex+2 Stlth+}
118121 | Zig:26   | Identified the staff "Bauleamu" {^Contam rPois rN++ Dex+5
                  | Alchemy}
118125 | Zig:26   | Identified the staff "Fish" {rPois Int+3 Stlth+ Alchemy}
118129 | Zig:26   | Identified the +4 flail of Binihats {heavy, rF+}
118423 | Zig:27   | Entered Level 27 of a ziggurat
118473 | Zig:27   | Identified the +2 arbalest "Etuehudu" {heavy, rPois}
118479 | Zig:27   | Identified the ring of Ymicweh {rF+ rC++ rN+ rCorr Int-4}
118510 | Zig:27   | Identified the +7 quarterstaff "Okoiwao" {distort, rCorr
                  | Dex-2 Stlth+}
118520 | Zig:27   | Reached skill level 15 in Armour
118527 | Zig:27   | Identified the amulet "Zumnar" {rPois Regen+ Str+4}
119072 | Hell     | Killed Geryon
120440 | Hell     | Found a gateway to the ashen valley of Gehenna.
120568 | Hell     | Found a gateway to the decaying netherworld of Tartarus.
120642 | Hell     | Found a gateway to the freezing wastes of Cocytus.
120838 | Hell     | Found a gateway to the Iron City of Dis.
120929 | Geh:1    | Entered Level 1 of Gehenna
122211 | Geh:4    | Noticed an ancient lich
122237 | Geh:4    | Killed an ancient lich
122821 | Geh:7    | Entered Level 7 of Gehenna
125265 | Geh:7    | Reached skill level 15 in Earth Magic
125485 | Geh:7    | Identified the +9 morningstar of the Enemy {flame, rPois
                  | rC++ Will- Str-5}
125485 | Geh:7    | Identified the +2 troll leather armour of Insecurity {rN++
                  | Will+ Regen+ rCorr Int-3}
125718 | Geh:7    | Found the +13 sceptre of Asmodeus
125718 | Geh:7    | Noticed Asmodeus
125726 | Geh:7    | Killed Asmodeus
125746 | Geh:7    | Got an obsidian rune of Zot
125773 | Geh:7    | Identified the staff "Upruled" {rF+ Dex+3 Fire}
126320 | Geh:7    | Identified the +6 orcbow of Invincibility {flame, rN++
                  | Int+3}
126503 | Tar:1    | Entered Level 1 of Tartarus
127032 | Tar:1    | Learned a level 9 spell: Shatter
127655 | Tar:2    | Found a huge runed translucent gate.
127655 | Tar:2    | Found a huge runed translucent gate.
127655 | Tar:2    | Found a huge runed translucent gate.
127659 | Tar:2    | Found a huge runed translucent gate.
127662 | Tar:2    | Found a huge runed translucent gate.
127662 | Tar:2    | Found a huge runed translucent gate.
127662 | Tar:2    | Found a huge runed translucent gate.
127663 | Tar:2    | Found a huge runed translucent gate.
127663 | Tar:2    | Found a huge runed translucent gate.
127664 | Tar:2    | Found a huge runed translucent gate.
127664 | Tar:2    | Found a huge runed translucent gate.
127665 | Tar:2    | Found a huge runed translucent gate.
127666 | Tar:2    | Found a huge runed translucent gate.
127667 | Tar:2    | Found a huge runed translucent gate.
127669 | Tar:2    | Found a huge runed translucent gate.
127671 | Tar:2    | Found a huge runed translucent gate.
127671 | Tar:2    | Found a huge runed translucent gate.
127676 | Tar:2    | Reached skill level 10 in Staves
127686 | Tar:2    | Found a huge runed translucent gate.
127688 | Tar:2    | Found a huge runed translucent gate.
127689 | Tar:2    | Found a huge runed translucent gate.
127689 | Tar:2    | Found a huge runed translucent gate.
127933 | Tar:2    | Found a huge runed translucent gate.
127933 | Tar:2    | Found a huge runed translucent gate.
127933 | Tar:2    | Found a huge runed translucent gate.
127934 | Tar:2    | Found a huge runed translucent gate.
127935 | Tar:2    | Found a huge runed translucent gate.
127935 | Tar:2    | Found a huge runed translucent gate.
127936 | Tar:2    | Found a huge runed translucent gate.
127937 | Tar:2    | Found a huge runed translucent gate.
127938 | Tar:2    | Found a huge runed translucent gate.
127939 | Tar:2    | Found a huge runed translucent gate.
127940 | Tar:2    | Found a huge runed translucent gate.
127941 | Tar:2    | Found a huge runed translucent gate.
127942 | Tar:2    | Found a huge runed translucent gate.
127942 | Tar:2    | Found a huge runed translucent gate.
127946 | Tar:2    | Found a huge runed translucent gate.
128751 | Tar:3    | You are sucked into a shaft and drop 1 floor!
129999 | Tar:6    | Reached skill level 15 in Dodging
130371 | Tar:7    | Entered Level 7 of Tartarus
131802 | Tar:7    | Reached skill level 15 in Evocations
132806 | Tar:7    | Identified the +1 robe "Rytuwn" {Dex+3}
133203 | Tar:7    | Identified the +7 dire flail of Guwenaq {venom, rF+ Str+3}
133207 | Tar:7    | Identified the +0 ring mail "Idadd" {rPois rN+ Regen+ SInv}
133401 | Tar:7    | Reached skill level 27 in Spellcasting
134307 | Tar:7    | Noticed Ereshkigal
134312 | Tar:7    | Killed Ereshkigal
134331 | Tar:7    | Found the +2 hood of the Assassin {Detect Stab+ Stlth++}
134337 | Tar:7    | Got a bone rune of Zot
134341 | Tar:7    | Identified the ring "Bietam" {rF+ Int+3}
134342 | Tar:7    | Identified the staff "Owaereuc" {SInv Conj Necro}
135213 | Coc:1    | Entered Level 1 of Cocytus
135859 | Coc:2    | Noticed an ancient lich
136044 | Coc:2    | Killed an ancient lich
136497 | Coc:7    | Entered Level 7 of Cocytus
136523 | Coc:7    | Paralysed by a wendigo for 1 turns
136814 | Coc:7    | Paralysed by a wendigo for 1 turns
136939 | Coc:7    | Paralysed by a wendigo for 1 turns
137491 | Coc:7    | Noticed a dread lich
137493 | Coc:7    | Killed a dread lich
137766 | Coc:7    | Paralysed by a wendigo for 1 turns
139498 | Coc:7    | Paralysed by a wendigo for 1 turns
139630 | Coc:7    | Noticed an ancient lich
139638 | Coc:7    | Killed an ancient lich
140249 | Coc:7    | Paralysed by a wendigo for 1 turns
140896 | Coc:7    | Noticed Antaeus
140902 | Coc:7    | Killed Antaeus
140916 | Coc:7    | Got an icy rune of Zot
140917 | Coc:7    | Identified the +4 ring mail of Quidear {rElec rPois Int+3}
140984 | Coc:7    | Identified the amulet of Winter {rElec rN+ Regen+ Str-4}
141016 | Coc:7    | Identified the +10 plate armour of Reason {rF+}
141218 | Dis:1    | Entered Level 1 of the Iron City of Dis
143043 | Dis:5    | You are sucked into a shaft and drop 1 floor!
143189 | Dis:7    | Entered Level 7 of the Iron City of Dis
144831 | Dis:7    | Noticed the Serpent of Hell
144835 | Dis:7    | Killed the Serpent of Hell
145636 | Dis:7    | Identified the +4 war axe of Reinforcement {flame, Int+4}
145670 | Dis:7    | Identified the +5 shortbow "Plojy" {flame, Fly Will+ Str+2}
145792 | Dis:7    | Found the +2 cloak of the Thief {*Fog Slay-2 SInv Stlth+}
146109 | Dis:7    | Identified the +8 pearl dragon scales "Woidghoz" {rPois
                  | rN+}
146545 | Dis:7    | Noticed Dispater
146549 | Dis:7    | Killed Dispater
146566 | Dis:7    | Got an iron rune of Zot
146591 | Dis:7    | Found the dreamshard necklace {Acrobat *Dream}
146838 | Pan      | Entered Pandemonium
147367 | Pan      | Gained mutation: You are clumsy. (Dex -2) [a neqoxec]
147368 | Pan      | Gained mutation: Your magical capacity is very low. (-20%
                  | MP) [a neqoxec]
147947 | Pan      | Found an exit through the horrors of the Abyss.
147986 | Pan      | Noticed Vipeemnist the pandemonium lord
147990 | Pan      | Killed Vipeemnist the pandemonium lord
148227 | Pan      | Noticed Kichoq the pandemonium lord
148229 | Pan      | Killed Kichoq the pandemonium lord
148333 | Pan      | Gained mutation: You occasionally lose the ability to read
                  | scrolls when taking damage. [a cacodemon]
149060 | Pan      | Noticed Asas the pandemonium lord
149066 | Pan      | Killed Asas the pandemonium lord
150667 | Pan      | Found a runed translucent door.
150793 | Pan      | Entered the realm of Gloorx Vloq.
151603 | Pan      | Identified the +2 cloak of Dixe {+Inv rN+ Int+3 Dex-4}
151866 | Pan      | Noticed Gloorx Vloq
151870 | Pan      | Killed Gloorx Vloq
151964 | Pan      | Got a dark rune of Zot
152126 | Pan      | Found an exit through the horrors of the Abyss.
152131 | Pan      | Took an exit into the Abyss.
152131 | Abyss:4  | Escaped into the Abyss
152134 | Abyss:4  | Found a corrupted altar of Lugonu.
152139 | Abyss:4  | Found a corrupted altar of Lugonu.
152141 | Abyss:4  | Found a corrupted altar of Lugonu.
152161 | Abyss:4  | Found a candlelit altar of Ignis.
152170 | Depths:4 | Escaped the Abyss
152680 | Crypt:1  | Entered Level 1 of the Crypt
154455 | Crypt:2  | Noticed Bai Suzhen
154462 | Crypt:2  | Found a runed translucent door.
154504 | Crypt:2  | Killed Bai Suzhen
154859 | Crypt:2  | Noticed Houmnergh's ghost (master GnSh)
154878 | Crypt:2  | Killed Houmnergh's ghost
155202 | Crypt:3  | Entered Level 3 of the Crypt
155908 | Crypt:3  | Found a staircase to the Tomb.
155956 | Tomb:1   | Entered Level 1 of the Tomb of the Ancients
156505 | Tomb:1   | Noticed a royal mummy
156509 | Tomb:1   | Killed a royal mummy
156625 | Tomb:1   | Noticed a royal mummy
156627 | Tomb:1   | Killed a royal mummy
156630 | Tomb:1   | Killed a royal mummy
156638 | Tomb:1   | Noticed a royal mummy
156641 | Tomb:1   | Noticed a royal mummy
156645 | Tomb:1   | Noticed a royal mummy
156665 | Tomb:1   | Killed a royal mummy
156665 | Tomb:1   | Killed a royal mummy
156666 | Tomb:1   | Killed a royal mummy
156688 | Tomb:1   | Noticed a royal mummy
156693 | Tomb:1   | Killed a royal mummy
156706 | Tomb:1   | Noticed a royal mummy
156706 | Tomb:1   | Noticed a royal mummy
156713 | Tomb:1   | Noticed a royal mummy
156935 | Tomb:1   | Killed a royal mummy
156955 | Tomb:1   | Noticed a royal mummy
156956 | Tomb:1   | Noticed a royal mummy
156959 | Tomb:1   | Killed a royal mummy
156959 | Tomb:1   | Killed a royal mummy
157454 | Tomb:1   | Killed a royal mummy
157467 | Tomb:1   | Killed a royal mummy
157823 | Tomb:1   | Acquired a manual of Dodging
157952 | Tomb:1   | Noticed a royal mummy
157954 | Tomb:1   | Killed a royal mummy
158019 | Tomb:2   | Noticed a royal mummy
158020 | Tomb:2   | Noticed a royal mummy
158029 | Tomb:2   | Killed a royal mummy
158032 | Tomb:2   | Noticed a royal mummy
158046 | Tomb:2   | Killed a royal mummy
158047 | Tomb:2   | Killed a royal mummy
158053 | Tomb:2   | Noticed a royal mummy
158056 | Tomb:2   | Killed a royal mummy
158060 | Tomb:2   | Noticed a royal mummy
158079 | Tomb:2   | Killed a royal mummy
158109 | Tomb:2   | Paralysed by a Zot trap for 4 turns
159088 | Tomb:3   | Entered Level 3 of the Tomb of the Ancients
159119 | Tomb:3   | Found the +9 scales of the Dragon King {rPois rF+ rC+
                  | Will+}
159120 | Tomb:3   | Found the +8 demon blade "Leech" {evervamp, Harm ^Drain
                  | rN+}
159308 | Tomb:3   | Noticed a royal mummy
159308 | Tomb:3   | Noticed a royal mummy
159309 | Tomb:3   | Noticed a royal mummy
159318 | Tomb:3   | Killed a royal mummy
159325 | Tomb:3   | Noticed a royal mummy
159328 | Tomb:3   | Noticed a royal mummy
159329 | Tomb:3   | Killed a royal mummy
159473 | Tomb:3   | Noticed a royal mummy
159475 | Tomb:3   | Killed a royal mummy
159475 | Tomb:3   | Killed a royal mummy
159475 | Tomb:3   | Killed a royal mummy
159484 | Tomb:3   | Noticed a royal mummy
159660 | Tomb:3   | Killed a royal mummy
159663 | Tomb:3   | Killed a royal mummy
159697 | Tomb:3   | Noticed a royal mummy
159699 | Tomb:3   | Killed a royal mummy
159939 | Tomb:3   | Noticed a royal mummy
159943 | Tomb:3   | Killed a royal mummy
160079 | Tomb:3   | Got a golden rune of Zot
160261 | Tomb:3   | Identified the +7 chain mail of the Morning Star {+Blink
                  | Fly Str+7 Dex-4}
160262 | Tomb:3   | Identified the +1 leather armour "Nosuyh" {Slay+3 Stlth+}
160305 | Tomb:3   | Identified the amulet "Quaqixoh" {RegenMP SInv}
160314 | Tomb:3   | Lost mutation: Your skin changes colour to match your
                  | surroundings (Stealth+). [potion of mutation]
160314 | Tomb:3   | Lost mutation: You are frail. (-10% HP) [potion of
                  | mutation]
160314 | Tomb:3   | Gained mutation: You have a pair of small horns on your
                  | head. [potion of mutation]
160314 | Tomb:3   | Lost mutation: You occasionally lose the ability to read
                  | scrolls when taking damage. [potion of mutation]
160315 | Tomb:3   | Lost mutation: You sometimes lose your temper in combat.
                  | [potion of mutation]
160315 | Tomb:3   | Lost mutation: You are clumsy. (Dex -2) [potion of
                  | mutation]
160315 | Tomb:3   | Lost mutation: You have large cloven feet. [potion of
                  | mutation]
160315 | Tomb:3   | Gained mutation: You expend magic power (3 MP) to
                  | strengthen your wands. [potion of mutation]
160315 | Tomb:3   | Gained mutation: You possess an exceptional clarity of
                  | mind. [potion of mutation]
160333 | Tomb:3   | Lost mutation: You have a pair of small horns on your head.
                  | [potion of mutation]
160333 | Tomb:3   | Lost mutation: Your magical capacity is very low. (-20% MP)
                  | [potion of mutation]
160333 | Tomb:3   | Lost mutation: You expend magic power (3 MP) to strengthen
                  | your wands. [potion of mutation]
160333 | Tomb:3   | Gained mutation: Your mind is acute. (Int +4, Str/Dex -1)
                  | [potion of mutation]
160333 | Tomb:3   | Gained mutation: You are partially covered in iridescent
                  | scales. (AC +2) [potion of mutation]
160478 | Tomb:3   | Identified the staff of Grontol {rCorr Summ Earth}
160881 | Crypt:3  | Learned a level 7 spell: Spellforged Servitor
161203 | Crypt:3  | Found a basalt altar of Yredelemnul.
162691 | Crypt:3  | Found the +7 sceptre of Torment {pain, torment}
163075 | Crypt:3  | Identified the ring of Bodily Harmony {Fly rPois}
163415 | Crypt:3  | Identified the ring of Finality {MP+9 Str+3 Stlth+}
165087 | Zot:5    | Got the Orb of Zot
165659 | D:1      | Noticed a seraph
165663 | D:1      | Killed a seraph
165780 | D:$      | Escaped with the Orb!

Illustrated notes

Levels and vault maps discovered:
D:1:      saegor_arrival_simple_d, layout_rooms, serial_shops,
          nicolae_shop_just_a_little_nook, grunt_decor_one_mirror,
          nicolae_wormholes
D:2:      layout_basic, shapermc_ecumenical_altar_notcrosses, serial_shops, shop
D:3:      minmay_door_path, layout_basic, mainiacjoe_overflow_cross_hatched,
          uniq_robin
D:4:      layout_loops_ring, zin_statuary, gammafunk_ghost_abyssal_escape
D:5:      layout_gridville, marbit_many_paths,
          mainiacjoe_overflow_six_doors_small,
          serial_library_hellmonk_reading_circle, grunt_ministairs_5,
          minmay_misc_feat_tiny, uniq_edmund, uniq_sigmund
D:6:      layout_loops_ring, temple_fountains
D:7:      layout_rooms, nemelex_altar_shiori, general_overflow_altar,
          enter_bailey_1, amcnicky_mini_corridor_feature
D:8:      layout_basic, mainiacjoe_overflow_alcove_1,
          gammafunk_temple_overflow_pools
D:9:      layout_long_grid, mainiacjoe_overflow_concentric_impassable,
          david_lair_generic, serial_shops, nicolae_shop_rolled_up, uniq_maurice
D:10:     layout_irregular_city, kiku_gazebo_pond_becter,
          ploomutoo_gammafunk_ghost_potion_laboratory, serial_ice, serial_ice_e,
          serial_ice_f, serial_ice_o, serial_ice_k, serial_ice_g, serial_ice_d
D:11:     layout_irregular_city, hiddenorc2_lemuel, gauntlet_entry_generic
D:12:     layout_rooms, small_chamber_with_monster, worms_lemuel
D:13:     layout_cross, uniq_urug, uniq_josephine, uniq_frances, uniq_erolcha
D:14:     layout_irregular_city, erik_vaults_2, minivault_27, serial_shops,
          nicolae_shop_window_shopping, serial_library_regret_index_headful,
          uniq_jorgrun
D:15:     hangedman_slaughterboxes
Temple:   jpeg_temple_clearing
Lair:1:   layout_hall_layers, mumra_transporter_accident
Lair:2:   layout_regular_city, dummy_snake_entry, infiniplex_staircase_pool_2,
          lemuel_fruit_tree
Lair:3:   layout_gridlike, minmay_shoals_entry_hut, uniq_amaemon, uniq_nessos
Lair:4:   wander_river, layout_gridlike
Lair:5:   wormcave, layout_gridlike, nicolae_slime_entry_field_trip
Shoals:1: cheibrodos_shoals_baths, layout_shoals, nicolae_shoals_water_booths
Shoals:2: layout_shoals, gammafunk_ghost_grave, portal_ice_cave_entry_dragon
Shoals:3: layout_shoals
Shoals:4: shoals_end_simple, layout_shoals, serial_shops,
          nicolae_shop_getting_attention
Snake:1:  layout_rooms, grunt_megastairs_4, uniq_azrael, uniq_asterion,
          uniq_aizul
Snake:2:  layout_chambers, nicolae_snake_shapes
Snake:3:  layout_gridlike, serial_shops, shop_fountains,
          nicolae_shop_tiny_glass, nicolae_shop_i_like_big_books,
          grunt_megastairs_2
Snake:4:  grunt_snake_rune_pools, layout_cave_shapes, uniq_agnes, uniq_vashnia,
          uniq_roxanne
Slime:1:  layout_caves
Slime:2:  layout_caves, basic_altar
Slime:3:  layout_caves, nicolae_slime_crime_time
Slime:4:  layout_caves
Slime:5:  slime_pit_nicolae_block_by_block
Orc:1:    layout_caves, serial_shops, nicolae_shop_mannequins,
          nicolae_shop_hallway_stairs, basic_altar
Orc:2:    kennysheep_orc_mage_school, layout_caves, blackcustard_mines_bat_river
Elf:1:    nicolae_elf_arrival_fired_up, layout_loops_cross, serial_shops, shop,
          portal_desolation_entry_nicolae_slug, nicolae_elf_blasts_and_bolts
Elf:2:    nicolae_elf_blades_crystal_corner, layout_gridlike
Elf:3:    minmay_elf_hall_furrowed, layout_onion_city, serial_shops,
          nicolae_shop_advertising_works [nicolae_subvault_shop_adworks], shop,
          shop, shop, nicolae_lakefront_shop, nicolae_elf_big_sculpture_3
Vaults:1: nicolae_vaults_security_offices_6, nicolae_vaults_asterisk,
          nicolae_vaults_ninety_degrees, v_pattern_2,
          nicolae_vaults_double_plus_2, layout_vaults_quadrants, serial_shops,
          bzr_entry_customers
Vaults:2: nicolae_vaults_triangles, nicolae_vaults_closet_pinwheel_3,
          v_alt_pattern_6, hangedman_vaults_stagger,
          minmay_crypt_entry_vampire_xt, st_greater_box_5,
          nicolae_vaults_asterisk, grunt_vaults_focal, v_misc_16,
          nicolae_vaults_sealed_display, hangedman_vaults_hat,
          layout_vaults_omnibox, nicolae_trove_entry_diagonal
Vaults:3: nicolae_vaults_specimen_jars, door_vault, nicolae_vaults_big_ls,
          v_misc_3, v_misc_28, vaults_mumra_minichess,
          nicolae_vaults_offset_grid_hallway_4, v_rooms_3,
          vaults_dpeg_emergency_exit, nicolae_vaults_tetromino_T_2,
          nicolae_vaults_trapezoid_3, layout_vaults_ring, serial_shops, shop
Vaults:4: nicolae_vaults_network_star, v_misc_29,
          hangedman_vaults_corner_blocks, nicolae_vaults_little_squares_2,
          nicolae_vaults_tetromino_T_1, cheibrodos_frozen_isle,
          nicolae_vaults_wrenched, vaults_mumra_chevron_long,
          nicolae_vaults_diamond_1, ontoclasm_vaults_fault,
          layout_vaults_chaotic_city
Vaults:5: serial_shops
Crypt:1:  layout_regular_city, nicolae_crypt_lounge_for_the_living,
          lemuel_upstairs_altar
Crypt:2:  layout_rooms, special_room [special_room_morgue],
          hellmonk_ghost_happy_afterlife, nicolae_crypts_crumbling_nooks,
          uniq_bai_suzhen
Crypt:3:  evilmike_haunted_forest
Tomb:1
Tomb:2
Tomb:3
Depths:1: layout_honeycomb, enter_ziggurat_a, hell_entry,
          nicolae_qazlal_general_emergency, nicolae_transmutations_shop,
          hangedman_abyss_or_decor_passed, nicolae_specific_store, drop_trap,
          minmay_evil_grid
Depths:2: kennysheep_snake, layout_gridlike, hell_entry, grunt_pan_entry_zigzag,
          abyss_entry, chequers_serial_rivers_micro_e
Depths:3: minmay_tri_stars, layout_gridville, abyss_entry, minivault_14,
          hell_entry, serial_shops, shop, infiniplex_staircase_zigzag_3,
          serial_bayou_shore_b
Depths:4: grunt_zot_entry_tricorne, layout_basic, pan_entry,
          chequers_serial_rivers_large_a, hell_entry, minmay_shop_grove
Hell
Dis:1:    layout_subdivisions
Dis:2:    layout_subdivisions
Dis:3:    layout_subdivisions, nicolae_dis_strange_trophy_room
Dis:4:    layout_subdivisions, nicolae_hells_hurtin_island
Dis:5:    layout_subdivisions, nicolae_dis_grated_feature
Dis:6:    layout_jigsaw
Dis:7:    iron_city_of_dis [dis_old, dis_wall_7], layout_gridville,
          nicolae_dis_metal_dragon_surprise
Geh:1:    layout_gehenna_lava_caves
Geh:2:    layout_gehenna_pools_triple, nicolae_geh_fiery_graves
          [nicolae_geh_single_fiery_grave, nicolae_geh_single_fiery_grave,
          nicolae_geh_single_fiery_grave, nicolae_geh_single_fiery_grave,
          nicolae_geh_single_fiery_grave, nicolae_geh_single_fiery_grave,
          nicolae_geh_single_fiery_grave, nicolae_geh_single_fiery_grave,
          nicolae_geh_single_fiery_grave]
Geh:3:    layout_gehenna_pools_triple
Geh:4:    layout_gehenna_pools_box
Geh:5:    layout_gehenna_lava_caves
Geh:6:    layout_gehenna_pools_box, lemuel_flamethrower_2
Geh:7:    geh_old
Coc:1:    nicolae_coc_three_mouths, layout_cocytus_water_paths
Coc:2:    layout_ice_bergs
Coc:3:    layout_cocytus_water_paths
Coc:4:    layout_cocytus_water_paths
Coc:5:    layout_cocytus_water_paths
Coc:6:    layout_cocytus_water_paths
Coc:7:    coc_grunt_cove [coc_grunt_cove_antaeus, coc_grunt_cove_fiend,
          coc_grunt_cove_fiend, coc_grunt_cove_fiend, coc_grunt_cove_fiend]
Tar:1:    layout_honeycomb
Tar:2:    layout_honeycomb, not_door_vault_mu, nicolae_tar_cuneiform_oil
Tar:3:    nicolae_tar_checkpoint_tarlie, layout_cathedral_of_symmetry,
          nicolae_tar_cuneiform_to_be
Tar:4:    layout_catacombs
Tar:5:    layout_grid_maze, nicolae_tar_spectre_spectrum
Tar:6:    layout_catacombs
Tar:7:    tar_minmay_river
Zot:1:    kennysheep_bubbly, layout_misc_corridors, uniq_parghit
Zot:2:    layout_gridlike, regret_index_zotdec_icy_dp, grunt_ministairs_13,
          st_large_dragon_hoard_4
Zot:3:    nicolae_zot_draconian_monastery, layout_twisted_circle,
          regret_index_zotdec_under_construction
Zot:4:    layout_gridville, grunt_megastairs_5
Zot:5:    layout_basic

Skill      XL: |  1  2  3  4  5  6  7  8  9 10 11 12 13 14 15 16 17 18 19 20 21 22 23 24 25 26 27 |
---------------+----------------------------------------------------------------------------------+-----
Fighting       | 1 5 6 8 9 11 13 14 15 16 17 18 19 20 21 27 | 27.0
Conjurations   | 2 3 4 6 9 11 25 | 25.3
Alchemy        | 3 4 5 6 7 |  7.2
Air Magic      | 1 2 3 4 5 7 8 9 10 11 25 | 25.0
Spellcasting   | 3 4 5 6 7 8 9 10 11 12 13 14 15 16 17 18 19 27 | 27.0
Fire Magic     | 3 5 7 8 10 11 12 13 14 15 16 18 19 26 | 26.1
Stealth        | 5 7 8 9 10 12 13 | 13.0
Long Blades    | 1 4 5 7 |  7.0
Evocations     | 2 4 5 6 7 8 10 11 21 | 21.6
Armour         | 5 7 8 10 18 | 18.6
Shields        | 4 6 7 9 11 12 14 15 20 | 20.3
Dodging        | 2 4 6 7 8 9 11 12 21 | 21.6
Staves         | 4 6 8 12 | 12.0
Ice Magic      | 5 6 |  6.0
Earth Magic    | 25 | 25.5

Action                     |  1- 3 |  4- 6 |  7- 9 | 10-12 | 13-15 | 16-18 | 19-21 | 22-24 | 25-27 || total
---------------------------+-------+-------+-------+-------+-------+-------+-------+-------+-------++-------
  Melee: Hand axe          |     4 |    34 |    44 |       |       |       |       |       |       ||    82
         Scimitar          |       |       |     5 |   182 |       |       |       |       |       ||   187
         Punch             |       |       |       |    13 |     9 |       |       |       |       ||    22
         Demon blade       |       |       |       |   300 |  1203 |   502 |       |       |       ||  2005
         Staff             |       |       |       |       |       |   281 |   571 |   562 |  2367 ||  3781
         Headbutt          |       |       |       |       |       |       |       |    53 |    12 ||    65
   Cast: Sting             |    78 |    71 |   201 |    31 |     7 |     6 |       |       |       ||   394
         Mephitic Cloud    |       |     5 |    19 |    25 |    63 |    26 |     2 |     2 |       ||   142
         Swiftness         |       |       |     1 |       |     2 |     2 |     1 |     1 |     2 ||     9
         Sticky Flame      |       |       |       |    16 |    11 |     2 |       |       |       ||    29
         Olgreb's Toxic Ra |       |       |       |    58 |    89 |    21 |     2 |     1 |     1 ||   172
         Plasma Beam       |       |       |       |       |    12 |   329 |   411 |   506 |  1287 ||  2545
         Ignite Poison     |       |       |       |       |     5 |    20 |     1 |       |       ||    26
         Irradiate         |       |       |       |       |       |    13 |    11 |    37 |    86 ||   147
         Freezing Cloud    |       |       |       |       |       |     4 |    15 |     4 |    23 ||    46
         Passwall          |       |       |       |       |       |     1 |       |       |       ||     1
         Fulminant Prism   |       |       |       |       |       |       |     4 |    36 |     7 ||    47
         Ignition          |       |       |       |       |       |       |       |     3 |   161 ||   164
         Chain Lightning   |       |       |       |       |       |       |       |       |   728 ||   728
         Fire Storm        |       |       |       |       |       |       |       |       |   377 ||   377
         Maxwell's Capacit |       |       |       |       |       |       |       |       |    99 ||    99
         Shatter           |       |       |       |       |       |       |       |       |    40 ||    40
         Blink             |       |       |       |       |       |       |       |       |     5 ||     5
         Apportation       |       |       |       |       |       |       |       |       |     4 ||     4
         Leda's Liquefacti |       |       |       |       |       |       |       |       |     1 ||     1
         Spellforged Servi |       |       |       |       |       |       |       |       |     1 ||     1
 Invoke: Call Merchant     |       |       |       |       |     3 |     2 |     2 |       |     6 ||    13
         Potion Petition   |       |       |       |       |       |       |     2 |     1 |    54 ||    57
  Evoke: Wand              |       |       |     1 |     1 |    12 |    23 |    14 |    17 |   129 ||   197
         Lightning rod     |       |       |       |       |     6 |     5 |     4 |     7 |    14 ||    36
         Box of beasts     |       |       |       |       |     1 |     2 |     2 |       |     8 ||    13
         Condenser vane    |       |       |       |       |       |       |     3 |     2 |     2 ||     7
         Phantom mirror    |       |       |       |       |       |       |       |       |     2 ||     2
    Use: Scroll            |     2 |       |     7 |     9 |     9 |    12 |    11 |    12 |    38 ||   100
         Potion            |       |       |     1 |     3 |     6 |     9 |     4 |     4 |    51 ||    78
   Stab: Confused          |       |     1 |     1 |     8 |    44 |    21 |       |     1 |       ||    76
         Distracted        |       |       |       |     2 |     4 |     1 |     3 |     5 |    19 ||    34
         Sleeping          |       |       |       |     1 |     9 |     1 |       |       |     3 ||    14
         Invisible         |       |       |       |       |       |       |     1 |       |     5 ||     6
 Armour: Robe              |    23 |     1 |       |       |       |       |       |       |       ||    24
         Leather armour    |       |    66 |    98 |    99 |   786 |   548 |       |       |       ||  1597
         Troll leather arm |       |       |       |   141 |       |    54 |   425 |   407 |  1771 ||  2798
         Ice dragon scales |       |       |       |   207 |       |       |       |       |       ||   207
         Steam dragon scal |       |       |       |     4 |    18 |       |       |       |       ||    22
         Pearl dragon scal |       |       |       |       |       |       |       |       |   292 ||   292
  Dodge: Dodged            |    23 |    33 |    71 |   292 |   776 |   668 |   398 |   250 |  1143 ||  3654
  Block: Other             |       |       |     5 |   105 |   155 |       |       |       |       ||   265
         Reflection        |       |       |       |     3 |     9 |    14 |    30 |    34 |    72 ||   162
         Buckler           |       |       |       |       |   329 |   381 |    69 |       |       ||   779
         Kite shield       |       |       |       |       |       |       |   373 |   650 |  2754 ||  3777
